Workbook

Sheet Budget 2016
A1: 0
A2: Dépenses de personnel | B2: par sortie | C2: mensuel | D2: annuel | F2: Bénéfices | G2: Prix unitaire | H2: A l'heure actuelle
A3: capitaine | C3: 500 | D3: =C3*12 -> 6000 | F3: cours Advanced | G3: 350
A4: jérôme | C4: 800 | D4: =C4*12 -> 9600 | F4: cours Open Water | G4: 350
A5: dani | C5: 800 | D5: =C5*12 -> 9600 | F5: plongée ahorcados/salango | G5: 90 | H5: 5
A6: guide advanced d'appoint | B6: 15 | C6: =B6*25 -> 375 | D6: =C6*12 -> 4500 | F6: plongée discovery | G6: 70 | H6: 6
A7: instructeur | C7: 750 | D7: =C7*6 -> 4500 | F7: plongée habitués | G7: 60 | H7: 9
A8: gardiennage bateau | C8: 130 | D8: =C8*12 -> 1560 | F8: cours open water +advanced | G8: 350 | H8: 17
A9: marin | C9: 500 | D9: =C9*12 -> 6000 | F9: comissions
A10: secrétaire | C10: 600 | D10: =C10*12 -> 7200
A11: Total charge de personnel | C11: =SUM(C3:C10) -> 4455 | D11: =C11*12 -> 53460
A13: Dépenses de fonctionnement | B13: par sortie | C13: mensuel | D13: annuel
A14: autorisation municipale | C14: =D14/12 -> 25 | D14: 300 | F14: Recette mensuelle
A15: camionette pour les bouteilles | B15: 7 | C15: =(B15*26) -> 182 | D15: =C15*12 -> 2184 | F15: =(G8*H8+G6*H6+G5*H5+G7*H7) -> 7360
A16: commissions agence par plongeur | B16: 5 | D16: =C16*12 -> 0
A17: comptable | C17: 90 | D17: =C17*12 -> 1080 | F17: Recette anuuelle
A18: Coût pédagogique cours PADI | B18: 39.25 | C18: =B18*H8 -> 667.25 | D18: =C18*12 -> 8007 | F18: =F15*12 -> 88320
A19: eau | C19: 10 | D19: =C19*12 -> 120
A20: électricité | C20: 130 | D20: =C20*12 -> 1560 | F20: Prix d'achat | G20: Amortissement
A21: essence bateau | B21: 45 | C21: =(B21*26) -> 1170 | D21: =C21*12 -> 14040 | F21: 40000 | G21: 40
A22: impôts | C22: 170 | D22: =C22*12 -> 2040 | F22: =F21/G21 -> 1000
A23: internet | C23: 40 | D23: =C23*12 -> 480
A24: Loyer du local | C24: 450 | D24: =C24*12 -> 5400
A25: Nourriture clients | B25: 20 | C25: =B25*30 -> 600 | D25: =C25*12 -> 7200 | F25: Résultat mensuel | G25: Résultat annuel
A26: pot de vin marine | B26: 20 | C26: =SUM(B26*26) -> 520 | D26: =C26*12 -> 6240 | F26: =F15-C33 -> -2179.0833 | G26: =F26*12 -> -26149
A27: site internet | C27: 6 | D27: =C27*12 -> 72
A28: zarpe (taxe portuaire) | B28: $5 | C28: =D28/12 -> 23.833333 | D28: =5.5*52 -> 286
A29: Total charge de fonctionnement | C29: =SUM(C14:C28) -> 4084.0833 | D29: =SUM(D14:D28) -> 49009
A31: Total charge de fonctionnement hors financier | C31: =C11+C29 -> 8539.0833 | D31: =SUM(D16:D31) -> 62352
A32: Remboursement actionnaires | C32: =F22 -> 1000 | D32: =C32*12 -> 12000
A33: Total des charges fixes | C33: =C31+C32 -> 9539.0833 | D33: =C33*12 -> 114469
A36: Investissement annuel matériel | B36: Coût pédagique des cours | F36: Estimation des cours PADI
B37: Nourriture pour 5j | C37: =3*5 -> 15 | F37: Déclaration nbre cours Padi 2015 | G37: 90000
B38: PISCINE | C38: 3 | F38: Soit en nbre d'éléve an | G38: =G37/H3 -> #DIV/0!
B39: COURS EN LIGNE | C39: 23 | F39: Soit en nbre d'élève 11 mois | G39: =G38/11 -> #DIV/0!
B40: Cout des cours | C40: =SUM(C37:C39) -> 41 | F40: Soit par semaine | G40: =G39/4.5 -> #DIV/0!

Sheet Juin 2016
B1: Mois de : | C1: juin | D1: 2016
B2: Suivi mensuel
B5: intitulé des charges | C5: 42522 | D5: 42523 | E5: 42524 | F5: 42525 | G5: 42526 | H5: 42527 | I5: 42528 | J5: 42529 | K5: 42530 | L5: 42531 | M5: 42532 | N5: 42533 | O5: 42534 | P5: 42535 | Q5: 42536 | R5: 42537 | S5: 42538 | T5: 42539 | U5: 42540 | V5: 42541 | W5: 42542 | X5: 42543 | Y5: 42544 | Z5: 42545 | AA5: 42546 | AB5: 42547 | AC5: 42548 | AD5: 42549 | AE5: 42550 | AF5: 42551 | AH5: Total | AI5: Budget | AJ5: Delta budget
B6: capitaine | AA6: 25 | AB6: 25 | AC6: 25 | AD6: 25 | AE6: 25 | AF6: 25 | AH6: =SUM(C6:AG6) -> 150 | AI6: ='Budget 2016'!C3 -> 500 | AJ6: =AI6-AH6 -> 350
B7: jérôme | AH7: =SUM(C7:AG7) -> 0 | AI7: ='Budget 2016'!C4 -> 800 | AJ7: =AI7-AH7 -> 800
B8: dani | AH8: =SUM(C8:AG8) -> 0 | AI8: ='Budget 2016'!C5 -> 800 | AJ8: =AI8-AH8 -> 800
B9: guide advanced d'appoint | AA9: 15 | AB9: 15 | AC9: 15 | AD9: 15 | AE9: 15 | AF9: 15 | AH9: =SUM(C9:AG9) -> 90 | AI9: ='Budget 2016'!C6 -> 375 | AJ9: =AI9-AH9 -> 285
B10: instructeur | AA10: 30 | AB10: 30 | AC10: 30 | AD10: 30 | AH10: =SUM(C10:AG10) -> 120 | AI10: ='Budget 2016'!C7 -> 750 | AJ10: =AI10-AH10 -> 630
B11: gardiennage bateau | AH11: =SUM(C11:AG11) -> 0 | AI11: ='Budget 2016'!C8 -> 130 | AJ11: =AI11-AH11 -> 130
B12: marin | AA12: 25 | AB12: 25 | AC12: 25 | AD12: 25 | AE12: 25 | AF12: 25 | AH12: =SUM(C12:AG12) -> 150 | AI12: ='Budget 2016'!C9 -> 500 | AJ12: =AI12-AH12 -> 350
B13: secrétaire | AH13: =SUM(C13:AG13) -> 0 | AI13: ='Budget 2016'!C10 -> 600 | AJ13: =AI13-AH13 -> 600
B14: Sous total charge personnel | C14: =SUM(C6:C13) -> 0 | D14: =SUM(D6:D13) -> 0 | E14: =SUM(E6:E13) -> 0 | F14: =SUM(F6:F13) -> 0 | G14: =SUM(G6:G13) -> 0 | H14: =SUM(H6:H13) -> 0 | I14: =SUM(I6:I13) -> 0 | J14: =SUM(J6:J13) -> 0 | ... AG14: =SUM(AG6:AG13) -> 0 | AH14: =SUM(C14:AG14) -> 510 | AI14: =SUM(AI6:AI13) -> 4455 | AJ14: =SUM(AJ6:AJ13) -> 3945
B16: autorisation municipale | AH16: =SUM(C16:AG16) -> 0 | AI16: ='Budget 2016'!C14 -> 25 | AJ16: =AI16-AH16 -> 25
B17: camionette pour les bouteilles | AD17: 38 | AH17: =SUM(C17:AG17) -> 38 | AI17: ='Budget 2016'!C15 -> 182 | AJ17: =AI17-AH17 -> 144
B18: commissions agence par plongeur | AH18: =SUM(C18:AG18) -> 0 | AI18: ='Budget 2016'!C16 -> 0 | AJ18: =AI18-AH18 -> 0
B19: comptable | AH19: =SUM(C19:AG19) -> 0 | AI19: ='Budget 2016'!C17 -> 90 | AJ19: =AI19-AH19 -> 90
B20: Coût pédagogique cours PADI | AF20: =2*19.75 -> 39.5 | AH20: =SUM(C20:AG20) -> 39.5 | AI20: ='Budget 2016'!C18 -> 667.25 | AJ20: =AI20-AH20 -> 627.75
B21: eau | AH21: =SUM(C21:AG21) -> 0 | AI21: ='Budget 2016'!C19 -> 10 | AJ21: =AI21-AH21 -> 10
B22: électricité | AH22: =SUM(C22:AG22) -> 0 | AI22: ='Budget 2016'!C20 -> 130 | AJ22: =AI22-AH22 -> 130
B23: essence bateau | AA23: 45 | AB23: 45 | AC23: 45 | AD23: 35 | AE23: 53 | AF23: 35 | AH23: =SUM(C23:AG23) -> 258 | AI23: ='Budget 2016'!C21 -> 1170 | AJ23: =AI23-AH23 -> 912
B24: impôts | AH24: =SUM(C24:AG24) -> 0 | AI24: ='Budget 2016'!C22 -> 170 | AJ24: =AI24-AH24 -> 170
B25: internet | AH25: =SUM(C25:AG25) -> 0 | AI25: ='Budget 2016'!C23 -> 40 | AJ25: =AI25-AH25 -> 40
B26: Loyer du local | AH26: =SUM(C26:AG26) -> 0 | AI26: ='Budget 2016'!C24 -> 450 | AJ26: =AI26-AH26 -> 450
B27: Nourriture clients | AA27: 13.8 | AB27: 13.5 | AC27: 19.15 | AD27: 20 | AE27: 17 | AF27: 15 | AH27: =SUM(C27:AG27) -> 98.45 | AI27: ='Budget 2016'!C25 -> 600 | AJ27: =AI27-AH27 -> 501.55
B28: pot de vin marine | AA28: 20 | AB28: 20 | AC28: 20 | AD28: 20 | AE28: 20 | AF28: 20 | AH28: =SUM(C28:AG28) -> 120 | AI28: ='Budget 2016'!C26 -> 520 | AJ28: =AI28-AH28 -> 400
B29: zarpe (taxe portuaire) | AA29: 5 | AB29: 5 | AC29: 5 | AD29: 5 | AE29: 5 | AF29: 5 | AH29: =SUM(C29:AG29) -> 30 | AI29: ='Budget 2016'!C28 -> 23.833333 | AJ29: =AI29-AH29 -> -6.1666667
B30: Fournitures | AA30: 37 | AB30: 36 | AC30: 17 | AF30: 16 | AH30: =SUM(C30:AG30) -> 106 | AI30: 0 | AJ30: =AI30-AH30 -> -106
B31: Matériel | AD31: 96 | AF31: 60 | AH31: =SUM(C31:AG31) -> 156 | AI31: 0 | AJ31: =AI31-AH31 -> -156
B32: Location bateau | AH32: =SUM(C32:AG32) -> 0 | AI32: 0 | AJ32: =AI32-AH32 -> 0
B33: Location Tank | AH33: =SUM(C33:AG33) -> 0 | AI33: 0 | AJ33: =AI33-AH33 -> 0
B34: location BCD | AH34: =SUM(C34:AG34) -> 0 | AI34: 0 | AJ34: =AI34-AH34 -> 0
B35: location équipement complêt | AH35: =SUM(C35:AG35) -> 0 | AI35: 0 | AJ35: =AI35-AH35 -> 0
B36: Panga | AH36: =SUM(C36:AG36) -> 0 | AI36: 0 | AJ36: =AI36-AH36 -> 0
B37: site internet | AH37: =SUM(C37:AG37) -> 0 | AI37: ='Budget 2016'!C27 -> 6 | AJ37: =AI37-AH37 -> 6
B38: Panga | AH38: =SUM(C38:AG38) -> 0 | AI38: 1 | AJ38: =AI38-AH38 -> 1
B39: Sous total charge de fonctionnement | C39: =SUM(C16:C37) -> 0 | D39: =SUM(D16:D37) -> 0 | E39: =SUM(E16:E37) -> 0 | F39: =SUM(F16:F37) -> 0 | G39: =SUM(G16:G37) -> 0 | H39: =SUM(H16:H37) -> 0 | I39: =SUM(I16:I37) -> 0 | J39: =SUM(J16:J37) -> 0 | ... AG39: =SUM(AG16:AG37) -> 0 | AH39: =SUM(C39:AG39) -> 845.95 | AI39: =SUM(AI16:AI37) -> 4084.0833 | AJ39: =AI39-AH39 -> 3238.1333
B40: Total charge journalière | C40: =C14+C39 -> 0 | D40: =D14+D39 -> 0 | E40: =E14+E39 -> 0 | F40: =F14+F39 -> 0 | G40: =G14+G39 -> 0 | H40: =H14+H39 -> 0 | I40: =I14+I39 -> 0 | J40: =J14+J39 -> 0 | ... AJ40: =AJ14+AJ39 -> 7183.1333
A43: Prescripteur | B43: Produit | C43: =C5 -> 42522 | D43: =D5 -> 42523 | E43: =E5 -> 42524 | F43: =F5 -> 42525 | G43: =G5 -> 42526 | H43: =H5 -> 42527 | I43: =I5 -> 42528 | J43: =J5 -> 42529 | ... AF43: =AF5 -> 42551 | AH43: Total | AI43: # élèves | AJ43: # plongées | AK43: # unitaire | AM43: # de plongée réelle
A44: Itay | B44: cours Advanced | AH44: =SUM(C44:AG44) -> 0 | AI44: =AH44/200 -> 0 | AJ44: 5 | AK44: =IF(AH44=0,"0",(AH44/AI44)/AJ44) -> 0 | AM44: =AI44*AJ44 -> 0
B45: cours Open Water | AH45: =SUM(C45:AG45) -> 0 | AI45: =AH45/300 -> 0 | AJ45: 4 | AK45: =IF(AH45=0,"0",(AH45/AI45)/AJ45) -> 0 | AM45: =AI45*AJ45 -> 0
B46: plongée ahorcados/salango | AH46: =SUM(C46:AG46) -> 0 | AI46: =AH46/55 -> 0 | AJ46: 2 | AK46: =IF(AH46=0,"0",(AH46/AI46)/AJ46) -> 0 | AM46: =AI46*AJ46 -> 0
B47: plongée discovery | AH47: =SUM(C47:AG47) -> 0 | AI47: =AH47/70 -> 0 | AJ47: 1 | AK47: =IF(AH47=0,"0",(AH47/AI47)/AJ47) -> 0 | AM47: =AI47*AJ47 -> 0
B48: plongée habitués | AH48: =SUM(C48:AG48) -> 0 | AI48: 0 | AJ48: 1 | AK48: =IF(AH48=0,"0",(AH48/AI48)/AJ48) -> 0 | AM48: =AI48*AJ48 -> 0
B49: cours open water +advanced | AA49: =2*265 -> 530 | AC49: =4*265 -> 1060 | AF49: 265 | AH49: =SUM(C49:AG49) -> 1855 | AI49: =AH49/300 -> 6.1833333 | AJ49: 9 | AK49: =IF(AH49=0,"0",(AH49/AI49)/AJ49) -> 33.333333 | AM49: =AI49*AJ49 -> 55.65
B50: Sous total CA | C50: =SUM(C44:C49) -> 0 | D50: =SUM(D44:D49) -> 0 | E50: =SUM(E44:E49) -> 0 | F50: =SUM(F44:F49) -> 0 | G50: =SUM(G44:G49) -> 0 | H50: =SUM(H44:H49) -> 0 | I50: =SUM(I44:I49) -> 0 | J50: =SUM(J44:J49) -> 0 | ... AG50: =SUM(AG44:AG49) -> 0 | AH50: =SUM(C50:AG50) -> 1855 | AI50: =SUM(AI44:AI49) -> 6.1833333 | AK50: =(AVERAGE(AK44:AK49)) -> 33.333333 | AL50: S/Total | AM50: =SUM(AM44:AM49) -> 55.65
A51: Prescripteur | B51: Produit | C51: =C43 -> 42522 | D51: =D43 -> 42523 | E51: =E43 -> 42524 | F51: =F43 -> 42525 | G51: =G43 -> 42526 | H51: =H43 -> 42527 | I51: =I43 -> 42528 | J51: =J43 -> 42529 | ... AF51: =AF43 -> 42551 | AH51: Total | AI51: # élèves | AJ51: # plongées | AK51: # unitaire | AM51: # de plongée réelle
A52: Ishay | B52: cours Advanced | AH52: =SUM(C52:AG52) -> 0 | AI52: =AH52/200 -> 0 | AJ52: 5 | AK52: =IF(AH52=0,"0",(AH52/AI52)/AJ52) -> 0 | AM52: =AI52*AJ52 -> 0
B53: cours Open Water | AH53: =SUM(C53:AG53) -> 0 | AI53: =AH53/300 -> 0 | AJ53: 4 | AK53: =IF(AH53=0,"0",(AH53/AI53)/AJ53) -> 0 | AM53: =AI53*AJ53 -> 0
B54: plongée ahorcados/salango | AH54: =SUM(C54:AG54) -> 0 | AI54: =AH54/80 -> 0 | AJ54: 2 | AK54: =IF(AH54=0,"0",(AH54/AI54)/AJ54) -> 0 | AM54: =AI54*AJ54 -> 0
B55: plongée discovery | AH55: =SUM(C55:AG55) -> 0 | AI55: =AH55/70 -> 0 | AJ55: 1 | AK55: =IF(AH55=0,"0",(AH55/AI55)/AJ55) -> 0 | AM55: =AI55*AJ55 -> 0
B56: plongée habitués | AH56: =SUM(C56:AG56) -> 0 | AI56: 0 | AJ56: 1 | AK56: =IF(AH56=0,"0",(AH56/AI56)/AJ56) -> 0 | AM56: =AI56*AJ56 -> 0
B57: cours open water +advanced | AH57: =SUM(C57:AG57) -> 0 | AI57: =AH57/450 -> 0 | AJ57: 9 | AK57: =IF(AH57=0,"0",(AH57/AI57)/AJ57) -> 0 | AM57: =AI57*AJ57 -> 0
B58: Sous total CA | C58: =SUM(C52:C57) -> 0 | D58: =SUM(D52:D57) -> 0 | E58: =SUM(E52:E57) -> 0 | F58: =SUM(F52:F57) -> 0 | G58: =SUM(G52:G57) -> 0 | H58: =SUM(H52:H57) -> 0 | I58: =SUM(I52:I57) -> 0 | J58: =SUM(J52:J57) -> 0 | ... AG58: =SUM(AG52:AG57) -> 0 | AH58: =SUM(C58:AG58) -> 0 | AI58: =SUM(AI52:AI57) -> 0 | AK58: =IF(AH58=0,"0",(AVERAGE(AK52:AK57))) -> 0 | AL58: S/Total | AM58: =SUM(AM52:AM57) -> 0
A59: Prescripteur | B59: Produit | C59: =C43 -> 42522 | D59: =D43 -> 42523 | E59: =E43 -> 42524 | F59: =F43 -> 42525 | G59: =G43 -> 42526 | H59: =H43 -> 42527 | I59: =I43 -> 42528 | J59: =J43 -> 42529 | ... AG59: =AG43 -> 0 | AH59: Total | AI59: # élèves | AJ59: # plongées | AK59: # unitaire | AM59: # de plongée réelle
A60: Javier | B60: cours Advanced | AH60: =SUM(C60:AG60) -> 0 | AI60: =AH60/200 -> 0 | AJ60: 5 | AK60: =IF(AH60=0,"0",(AH60/AI60)/AJ60) -> 0 | AM60: =AI60*AJ60 -> 0
B61: cours Open Water | AC61: =255*3 -> 765 | AH61: =SUM(C61:AG61) -> 765 | AI61: =AH61/300 -> 2.55 | AJ61: 4 | AK61: =IF(AH61=0,"0",(AH61/AI61)/AJ61) -> 75 | AM61: =AI61*AJ61 -> 10.2
B62: plongée ahorcados/salango | AH62: =SUM(C62:AG62) -> 0 | AI62: =AH62/80 -> 0 | AJ62: 2 | AK62: =IF(AH62=0,"0",(AH62/AI62)/AJ62) -> 0 | AM62: =AI62*AJ62 -> 0
B63: plongée discovery | AH63: =SUM(C63:AG63) -> 0 | AI63: =AH63/70 -> 0 | AJ63: 1 | AK63: =IF(AH63=0,"0",(AH63/AI63)/AJ63) -> 0 | AM63: =AI63*AJ63 -> 0
B64: plongée habitués | AH64: =SUM(C64:AG64) -> 0 | AI64: 0 | AJ64: 1 | AK64: =IF(AH64=0,"0",(AH64/AI64)/AJ64) -> 0 | AM64: =AI64*AJ64 -> 0
B65: cours open water +advanced | AH65: =SUM(C65:AG65) -> 0 | AI65: =AH65/450 -> 0 | AJ65: 9 | AK65: =IF(AH65=0,"0",(AH65/AI65)/AJ65) -> 0 | AM65: =AI65*AJ65 -> 0
B66: Sous total CA | C66: =SUM(C60:C65) -> 0 | D66: =SUM(D60:D65) -> 0 | E66: =SUM(E60:E65) -> 0 | F66: =SUM(F60:F65) -> 0 | G66: =SUM(G60:G65) -> 0 | H66: =SUM(H60:H65) -> 0 | I66: =SUM(I60:I65) -> 0 | J66: =SUM(J60:J65) -> 0 | ... AG66: =SUM(AG60:AG65) -> 0 | AH66: =SUM(C66:AG66) -> 765 | AI66: =SUM(AI60:AI65) -> 2.55 | AK66: =IF(AH66=0,"0",(AVERAGE(AK60:AK65))) -> 75 | AL66: S/Total | AM66: =SUM(AM60:AM65) -> 10.2
A67: Prescripteur | B67: Produit | C67: =C51 -> 42522 | D67: =D51 -> 42523 | E67: =E51 -> 42524 | F67: =F51 -> 42525 | G67: =G51 -> 42526 | H67: =H51 -> 42527 | I67: =I51 -> 42528 | J67: =J51 -> 42529 | ... AF67: =AF51 -> 42551 | AH67: Total | AI67: # élèves | AJ67: # plongées | AK67: # unitaire | AM67: # de plongée réelle
A68: Agence | B68: cours Advanced | AC68: =3*130 -> 390 | AH68: =SUM(C68:AG68) -> 390 | AI68: =AH68/200 -> 1.95 | AJ68: 5 | AK68: =IF(AH68=0,"0",(AH68/AI68)/AJ68) -> 40 | AM68: =AI68*AJ68 -> 9.75
B69: cours Open Water | AA69: =3*250 -> 750 | AB69: =2*300 -> 600 | AH69: =SUM(C69:AG69) -> 1350 | AI69: =AH69/300 -> 4.5 | AJ69: 4 | AK69: =IF(AH69=0,"0",(AH69/AI69)/AJ69) -> 75 | AM69: =AI69*AJ69 -> 18
B70: plongée Fun Dive ahorcados/salango | AA70: 80 | AH70: =SUM(C70:AG70) -> 80 | AI70: =AH70/80 -> 1 | AJ70: 2 | AK70: =IF(AH70=0,"0",(AH70/AI70)/AJ70) -> 40 | AM70: =AI70*AJ70 -> 2
B71: plongée discovery | AH71: =SUM(C71:AG71) -> 0 | AI71: =AH71/70 -> 0 | AJ71: 1 | AK71: =IF(AH71=0,"0",(AH71/AI71)/AJ71) -> 0 | AM71: =AI71*AJ71 -> 0
B72: plongée habitués | AH72: =SUM(C72:AG72) -> 0 | AI72: 0 | AJ72: 1 | AK72: =IF(AH72=0,"0",(AH72/AI72)/AJ72) -> 0 | AM72: =AI72*AJ72 -> 0
B73: cours open water +advanced | AH73: =SUM(C73:AG73) -> 0 | AI73: =AH73/450 -> 0 | AJ73: 9 | AK73: =IF(AH73=0,"0",(AH73/AI73)/AJ73) -> 0 | AM73: =AI73*AJ73 -> 0
B74: Comm excursion | AM74: =AI74*AJ74 -> 0
B75: Sous total CA | C75: =SUM(C68:C74) -> 0 | D75: =SUM(D68:D74) -> 0 | E75: =SUM(E68:E74) -> 0 | F75: =SUM(F68:F74) -> 0 | G75: =SUM(G68:G74) -> 0 | H75: =SUM(H68:H74) -> 0 | I75: =SUM(I68:I74) -> 0 | J75: =SUM(J68:J74) -> 0 | ... AG75: =SUM(AG68:AG74) -> 0 | AH75: =SUM(C75:AG75) -> 1820 | AI75: =SUM(AI68:AI73) -> 7.45 | AK75: =IF(AH75=0,"0",(AVERAGE(AK68:AK73))) -> 51.666667 | AL75: S/Total | AM75: =SUM(AM68:AM74) -> 29.75
B76: Produit | C76: =C5 -> 42522 | D76: =D5 -> 42523 | E76: =E5 -> 42524 | F76: =F5 -> 42525 | G76: =G5 -> 42526 | H76: =H5 -> 42527 | I76: =I5 -> 42528 | J76: =J5 -> 42529 | ... AF76: =AF5 -> 42551 | AH76: Total
A77: Agence | B77: Location bouteille à 5$ | AH77: =SUM(C77:AG77) -> 0
B78: Remplissage bouteille 3$ | AH78: =SUM(C78:AG78) -> 0
B79: Location masque 3$ | AH79: =SUM(C79:AG79) -> 0
B80: Location BCd 5$ | AH80: =SUM(C80:AG80) -> 0
B81: Location palme 3$ | AH81: =SUM(C81:AG81) -> 0
B82: Location botte 3$ | AH82: =SUM(C82:AG82) -> 0
B83: Location Dive Master | AH83: =SUM(C83:AG83) -> 0
B84: Location combinaison 5$ | AH84: =SUM(C84:AG84) -> 0
B85: Package complet 30$ | AH85: =SUM(C85:AG85) -> 0
B86: Sous total CA | C86: =SUM(C77:C85) -> 0 | D86: =SUM(D77:D85) -> 0 | E86: =SUM(E77:E85) -> 0 | F86: =SUM(F77:F85) -> 0 | G86: =SUM(G77:G85) -> 0 | H86: =SUM(H77:H85) -> 0 | I86: =SUM(I77:I85) -> 0 | J86: =SUM(J77:J85) -> 0 | ... AG86: =SUM(AG77:AG85) -> 0 | AH86: =SUM(C86:AG86) -> 0
B88: Total CA journalier | C88: =C50+C58+C66+C75+C86 -> 0 | D88: =D50+D58+D66+D75+D86 -> 0 | E88: =E50+E58+E66+E75+E86 -> 0 | F88: =F50+F58+F66+F75+F86 -> 0 | G88: =G50+G58+G66+G75+G86 -> 0 | H88: =H50+H58+H66+H75+H86 -> 0 | I88: =I50+I58+I66+I75+I86 -> 0 | J88: =J50+J58+J66+J75+J86 -> 0 | ... AH88: =AH50+AH58+AH66+AH75+AH86 -> 4440
B90: Recap du mois de : | C90: =C1 -> juin | E90: Prix de revient d'une plongée mois de : | H90: =C1 -> juin | J90: % du CA par secteur de vente
B91: Total CA mensuel | C91: =AH88 -> 4440 | E91: Nbre ttl de plongée du mois | H91: =AM50+AM58+AM66+AM75 -> 95.6 | J91: Itay | K91: =AH50/C91 -> 0.41779279
B92: Total charges mensuelles | C92: =AH40 -> 1355.95 | E92: Coût de revient d'une plongée | H92: =C92/H91 -> 14.183577 | J92: Agence | K92: =AH75/C91 -> 0.40990991
J93: Location | K93: =AH86/C91 -> 0
B94: Résultat du mois | C94: =C91-C92 -> 3084.05 | J94: Ishay | K94: =AH58/C91 -> 0
J95: Javier | K95: =AH66/C92 -> 0.5641801
B96: Budget mensuel prévis | C96: 10500
B97: Delta vs budget | C97: =C91-C96 -> -6060
B99: Résultat cumulé | C99: =C94 -> 3084.05

Sheet Juillet 2016
B1: Mois de : | C1: juillet
B2: Suivi mensuel
B4: intitulé des charges | C4: 42552 | D4: 42553 | E4: 42554 | F4: 42555 | G4: 42556 | H4: 42557 | I4: 42558 | J4: 42559 | K4: 42560 | L4: 42561 | M4: 42562 | N4: 42563 | O4: 42564 | P4: 42565 | Q4: 42566 | R4: 42567 | S4: 42568 | T4: 42569 | U4: 42570 | V4: 42571 | W4: 42572 | X4: 42573 | Y4: 42574 | Z4: 42575 | AA4: 42576 | AB4: 42577 | AC4: 42578 | AD4: 42579 | AE4: 42580 | AF4: 42581 | AG4: 42582 | AH4: Total | AI4: Budget | AJ4: Delta budget
B5: capitaine | M5: 100 | Q5: 150 | T5: 300 | AH5: =SUM(C5:AG5) -> 550 | AI5: ='Budget 2016'!C3 -> 500 | AJ5: =AI5-AH5 -> -50
B6: jérôme | AA6: 400 | AF6: 0 | AH6: =SUM(C6:AG6) -> 400 | AI6: ='Budget 2016'!C4 -> 800 | AJ6: =AI6-AH6 -> 400
B7: dani | AA7: 400 | AF7: 0 | AH7: =SUM(C7:AG7) -> 400 | AI7: ='Budget 2016'!C5 -> 800 | AJ7: =AI7-AH7 -> 400
B8: guide advanced d'appoint | C8: 15 | E8: 15 | F8: 30 | G8: 30 | H8: 50 | I8: 30 | J8: 60 | L8: 10 | S8: 15 | AA8: 15 | AF8: 0 | AG8: 15 | AH8: =SUM(C8:AG8) -> 285 | AI8: ='Budget 2016'!C6 -> 375 | AJ8: =AI8-AH8 -> 90
B9: instructeur | D9: 15 | T9: 100 | AF9: 0 | AH9: =SUM(C9:AG9) -> 115 | AI9: ='Budget 2016'!C7 -> 750 | AJ9: =AI9-AH9 -> 635
B10: gardiennage bateau | Q10: 50 | W10: 100 | AH10: =SUM(C10:AG10) -> 150 | AI10: ='Budget 2016'!C8 -> 130 | AJ10: =AI10-AH10 -> -20
B11: marin | M11: 50 | Q11: 200 | T11: 100 | X11: 15 | AE11: 20 | AH11: =SUM(C11:AG11) -> 385 | AI11: ='Budget 2016'!C9 -> 500 | AJ11: =AI11-AH11 -> 115
B12: secrétaire | AA12: 300 | AF12: 0 | AH12: =SUM(C12:AG12) -> 300 | AI12: ='Budget 2016'!C10 -> 600 | AJ12: =AI12-AH12 -> 300
B13: Sous total charge personnel | C13: =SUM(C5:C12) -> 15 | D13: =SUM(D5:D12) -> 15 | E13: =SUM(E5:E12) -> 15 | F13: =SUM(F5:F12) -> 30 | G13: =SUM(G5:G12) -> 30 | H13: =SUM(H5:H12) -> 50 | I13: =SUM(I5:I12) -> 30 | J13: =SUM(J5:J12) -> 60 | ... AG13: =SUM(AG5:AG12) -> 15 | AH13: =SUM(C13:AG13) -> 2585 | AI13: =SUM(AI5:AI12) -> 4455 | AJ13: =SUM(AJ5:AJ12) -> 1870
B15: autorisation municipale | AH15: =SUM(C15:AG15) -> 0 | AI15: ='Budget 2016'!C14 -> 25 | AJ15: =AI15-AH15 -> 25
B16: camionette pour les bouteilles | F16: 40 | G16: 7 | O16: 15 | R16: 1 | W16: 45 | AA16: 100 | AB16: 40 | AH16: =SUM(C16:AG16) -> 248 | AI16: ='Budget 2016'!C15 -> 182 | AJ16: =AI16-AH16 -> -66
B17: commissions agence par plongeur | O17: 20 | R17: 10 | AD17: 10 | AH17: =SUM(C17:AG17) -> 40 | AI17: ='Budget 2016'!C16 -> 0 | AJ17: =AI17-AH17 -> -40
B18: comptable | AH18: =SUM(C18:AG18) -> 0 | AI18: ='Budget 2016'!C17 -> 90 | AJ18: =AI18-AH18 -> 90
B19: Coût pédagogique cours PADI | D19: 59.25 | G19: 217.25 | K19: 57 | P19: 39.5 | R19: 394.5 | W19: 78.9 | AC19: 355 | AF19: 0 | AH19: =SUM(C19:AG19) -> 1201.4 | AI19: ='Budget 2016'!C18 -> 667.25 | AJ19: =AI19-AH19 -> -534.15
B20: eau | AE20: 1.25 | AH20: =SUM(C20:AG20) -> 1.25 | AI20: ='Budget 2016'!C19 -> 10 | AJ20: =AI20-AH20 -> 8.75
B21: électricité | T21: 35 | AH21: =SUM(C21:AG21) -> 35 | AI21: ='Budget 2016'!C20 -> 130 | AJ21: =AI21-AH21 -> 95
B22: essence bateau | D22: 35 | E22: 45 | G22: 35 | H22: 35 | I22: 35 | J22: 35 | K22: 53 | L22: 35 | N22: 35 | Q22: 20 | S22: 70 | V22: 35 | W22: 53 | X22: 35 | Y22: 35 | Z22: 45 | AB22: 35 | AC22: 53 | AD22: 35 | AE22: 35 | AG22: 35 | AH22: =SUM(C22:AG22) -> 829 | AI22: ='Budget 2016'!C21 -> 1170 | AJ22: =AI22-AH22 -> 341
B23: impôts | AH23: =SUM(C23:AG23) -> 0 | AI23: ='Budget 2016'!C22 -> 170 | AJ23: =AI23-AH23 -> 170
B24: internet | AH24: =SUM(C24:AG24) -> 0 | AI24: ='Budget 2016'!C23 -> 40 | AJ24: =AI24-AH24 -> 40
B25: Loyer du local | F25: 450 | W25: 594 | AH25: =SUM(C25:AG25) -> 1044 | AI25: ='Budget 2016'!C24 -> 450 | AJ25: =AI25-AH25 -> -594
B26: Nourriture clients | C26: 10 | D26: 25 | E26: 15 | F26: 6 | G26: 20 | H26: 19.7 | I26: 18 | J26: 35 | K26: 16 | L26: 17 | N26: 17 | P26: 11 | Q26: 5 | R26: 17 | S26: 22.45 | V26: 11 | W26: 11.09 | X26: 11 | Y26: 20.5 | Z26: 9.79 | AA26: 15 | AB26: 9.53 | AC26: 7 | AD26: 15 | AE26: 23.89 | AG26: 16 | AH26: =SUM(C26:AG26) -> 403.95 | AI26: ='Budget 2016'!C25 -> 600 | AJ26: =AI26-AH26 -> 196.05
B27: pot de vin marine | D27: 20 | E27: 20 | G27: 20 | H27: 20 | I27: 20 | J27: 20 | K27: 20 | L27: 20 | N27: 20 | R27: 20 | S27: 20 | V27: 20 | W27: 20 | X27: 20 | Y27: 20 | Z27: 20 | AB27: 20 | AC27: 20 | AD27: 20 | AE27: 20 | AG27: 20 | AH27: =SUM(C27:AG27) -> 420 | AI27: ='Budget 2016'!C26 -> 520 | AJ27: =AI27-AH27 -> 100
B28: zarpe (taxe portuaire) | D28: 5 | E28: 5 | G28: 5 | H28: 5 | I28: 5 | J28: 5 | K28: 5 | L28: 5 | N28: 5 | R28: 5 | S28: 5 | V28: 5 | W28: 5 | X28: 5 | Y28: 5 | Z28: 5 | AB28: 5 | AC28: 5 | AD28: 5 | AE28: 5 | AG28: 5 | AH28: =SUM(C28:AG28) -> 105 | AI28: ='Budget 2016'!C28 -> 23.833333 | AJ28: =AI28-AH28 -> -81.166667
B29: Fournitures | C29: 10 | D29: 83.5 | E29: 92 | F29: 48.4 | G29: 25.15 | H29: 14 | J29: 12.25 | K29: 2 | O29: 6 | P29: 4 | Q29: 16 | R29: 3.57 | U29: 38 | W29: 2.15 | Z29: 14.65 | AA29: 20 | AC29: 5 | AF29: 10 | AH29: =SUM(C29:AG29) -> 406.67 | AI29: 0 | AJ29: =AI29-AH29 -> -406.67
B30: Matériel | C30: 80 | F30: 455 | O30: 20 | S30: 74 | AB30: 10 | AF30: 48.75 | AH30: =SUM(C30:AG30) -> 687.75 | AI30: 0 | AJ30: =AI30-AH30 -> -687.75
B31: Location bateau | AD31: 460 | AE31: 440 | AH31: =SUM(C31:AG31) -> 900 | AI31: 0 | AJ31: =AI31-AH31 -> -900
B32: Location Tank | AE32: =4*5 -> 20 | AF32: =4*5 -> 20 | AG32: =4*5 -> 20 | AH32: =SUM(C32:AG32) -> 60 | AI32: 0 | AJ32: =AI32-AH32 -> -60
B33: location BCD | AE33: 13 | AH33: =SUM(C33:AG33) -> 13 | AI33: 0 | AJ33: =AI33-AH33 -> -13
B34: location équipement complêt | AH34: =SUM(C34:AG34) -> 0 | AI34: 0 | AJ34: =AI34-AH34 -> 0
B35: Paiement transfert client | AH35: =SUM(C35:AG35) -> 0 | AI35: 0 | AJ35: =AI35-AH35 -> 0
B36: site internet | Q36: 39.2 | AH36: =SUM(C36:AG36) -> 39.2 | AI36: ='Budget 2016'!C27 -> 6 | AJ36: =AI36-AH36 -> -33.2
B37: Panga | C37: 50 | F37: 50 | P37: 50 | Q37: 50 | AA37: 70 | AH37: =SUM(C37:AG37) -> 270 | AI37: 1 | AJ37: =AI37-AH37 -> -269
B38: Sous total charge de fonctionnement | C38: =SUM(C15:C36) -> 100 | D38: =SUM(D15:D36) -> 227.75 | E38: =SUM(E15:E36) -> 177 | F38: =SUM(F15:F36) -> 999.4 | G38: =SUM(G15:G36) -> 329.4 | H38: =SUM(H15:H36) -> 93.7 | I38: =SUM(I15:I36) -> 78 | J38: =SUM(J15:J36) -> 107.25 | ... AG38: =SUM(AG15:AG36) -> 96 | AH38: =SUM(C38:AG38) -> 6434.22 | AI38: =SUM(AI15:AI36) -> 4084.0833 | AJ38: =AI38-AH38 -> -2350.1367
B39: Total charge journalière | C39: =C13+C38 -> 115 | D39: =D13+D38 -> 242.75 | E39: =E13+E38 -> 192 | F39: =F13+F38 -> 1029.4 | G39: =G13+G38 -> 359.4 | H39: =H13+H38 -> 143.7 | I39: =I13+I38 -> 108 | J39: =J13+J38 -> 167.25 | ... AJ39: =AJ13+AJ38 -> -480.13667
A42: Prescripteur | B42: Produit | C42: =C4 -> 42552 | D42: =D4 -> 42553 | E42: =E4 -> 42554 | F42: =F4 -> 42555 | G42: =G4 -> 42556 | H42: =H4 -> 42557 | I42: =I4 -> 42558 | J42: =J4 -> 42559 | ... AG42: =AG4 -> 42582 | AH42: Total | AI42: # élèves | AJ42: # plongées | AK42: # unitaire | AM42: # de plongée réelle
A43: Itay | B43: cours Advanced | AH43: =SUM(C43:AG43) -> 0 | AI43: =AH43/200 -> 0 | AJ43: 5 | AK43: =IF(AH43=0,"0",(AH43/AI43)/AJ43) -> 0 | AM43: =AI43*AJ43 -> 0
B44: cours Open Water | AH44: =SUM(C44:AG44) -> 0 | AI44: =AH44/300 -> 0 | AJ44: 4 | AK44: =IF(AH44=0,"0",(AH44/AI44)/AJ44) -> 0 | AM44: =AI44*AJ44 -> 0
B45: plongée ahorcados/salango | F45: 55 | AH45: =SUM(C45:AG45) -> 55 | AI45: =AH45/55 -> 1 | AJ45: 2 | AK45: =IF(AH45=0,"0",(AH45/AI45)/AJ45) -> 27.5 | AM45: =AI45*AJ45 -> 2
B46: plongée discovery | AH46: =SUM(C46:AG46) -> 0 | AI46: =AH46/70 -> 0 | AJ46: 1 | AK46: =IF(AH46=0,"0",(AH46/AI46)/AJ46) -> 0 | AM46: =AI46*AJ46 -> 0
B47: plongée habitués | AH47: =SUM(C47:AG47) -> 0 | AI47: 0 | AJ47: 1 | AK47: =IF(AH47=0,"0",(AH47/AI47)/AJ47) -> 0 | AM47: =AI47*AJ47 -> 0
B48: cours open water +advanced | F48: 530 | G48: 530 | AA48: 300 | AC48: 300 | AE48: 300 | AF48: 0 | AH48: =SUM(C48:AG48) -> 1960 | AI48: =AH48/300 -> 6.5333333 | AJ48: 9 | AK48: =IF(AH48=0,"0",(AH48/AI48)/AJ48) -> 33.333333 | AM48: =AI48*AJ48 -> 58.8
B49: Sous total CA | C49: =SUM(C43:C48) -> 0 | D49: =SUM(D43:D48) -> 0 | E49: =SUM(E43:E48) -> 0 | F49: =SUM(F43:F48) -> 585 | G49: =SUM(G43:G48) -> 530 | H49: =SUM(H43:H48) -> 0 | I49: =SUM(I43:I48) -> 0 | J49: =SUM(J43:J48) -> 0 | ... AG49: =SUM(AG43:AG48) -> 0 | AH49: =SUM(C49:AG49) -> 2015 | AI49: =SUM(AI43:AI48) -> 7.5333333 | AK49: =(AVERAGE(AK43:AK48)) -> 30.416667 | AL49: S/Total | AM49: =SUM(AM43:AM48) -> 60.8
A50: Prescripteur | B50: Produit | C50: =C42 -> 42552 | D50: =D42 -> 42553 | E50: =E42 -> 42554 | F50: =F42 -> 42555 | G50: =G42 -> 42556 | H50: =H42 -> 42557 | I50: =I42 -> 42558 | J50: =J42 -> 42559 | ... AG50: =AG42 -> 42582 | AH50: Total | AI50: # élèves | AJ50: # plongées | AK50: # unitaire | AM50: # de plongée réelle
A51: Ishay | B51: cours Advanced | AH51: =SUM(C51:AG51) -> 0 | AI51: =AH51/200 -> 0 | AJ51: 5 | AK51: =IF(AH51=0,"0",(AH51/AI51)/AJ51) -> 0 | AM51: =AI51*AJ51 -> 0
B52: cours Open Water | AH52: =SUM(C52:AG52) -> 0 | AI52: =AH52/300 -> 0 | AJ52: 4 | AK52: =IF(AH52=0,"0",(AH52/AI52)/AJ52) -> 0 | AM52: =AI52*AJ52 -> 0
B53: plongée ahorcados/salango | AH53: =SUM(C53:AG53) -> 0 | AI53: =AH53/80 -> 0 | AJ53: 2 | AK53: =IF(AH53=0,"0",(AH53/AI53)/AJ53) -> 0 | AM53: =AI53*AJ53 -> 0
B54: plongée discovery | AH54: =SUM(C54:AG54) -> 0 | AI54: =AH54/70 -> 0 | AJ54: 1 | AK54: =IF(AH54=0,"0",(AH54/AI54)/AJ54) -> 0 | AM54: =AI54*AJ54 -> 0
B55: plongée habitués | AH55: =SUM(C55:AG55) -> 0 | AI55: 0 | AJ55: 1 | AK55: =IF(AH55=0,"0",(AH55/AI55)/AJ55) -> 0 | AM55: =AI55*AJ55 -> 0
B56: cours open water +advanced | AH56: =SUM(C56:AG56) -> 0 | AI56: =AH56/450 -> 0 | AJ56: 9 | AK56: =IF(AH56=0,"0",(AH56/AI56)/AJ56) -> 0 | AM56: =AI56*AJ56 -> 0
B57: Sous total CA | C57: =SUM(C51:C56) -> 0 | D57: =SUM(D51:D56) -> 0 | E57: =SUM(E51:E56) -> 0 | F57: =SUM(F51:F56) -> 0 | G57: =SUM(G51:G56) -> 0 | H57: =SUM(H51:H56) -> 0 | I57: =SUM(I51:I56) -> 0 | J57: =SUM(J51:J56) -> 0 | ... AG57: =SUM(AG51:AG56) -> 0 | AH57: =SUM(C57:AG57) -> 0 | AI57: =SUM(AI51:AI56) -> 0 | AK57: =IF(AH57=0,"0",(AVERAGE(AK51:AK56))) -> 0 | AL57: S/Total | AM57: =SUM(AM51:AM56) -> 0
A58: Prescripteur | B58: Produit | C58: =C42 -> 42552 | D58: =D42 -> 42553 | E58: =E42 -> 42554 | F58: =F42 -> 42555 | G58: =G42 -> 42556 | H58: =H42 -> 42557 | I58: =I42 -> 42558 | J58: =J42 -> 42559 | ... AG58: =AG42 -> 42582 | AH58: Total | AI58: # élèves | AJ58: # plongées | AK58: # unitaire | AM58: # de plongée réelle
A59: Javier | B59: cours Advanced | AH59: =SUM(C59:AG59) -> 0 | AI59: =AH59/200 -> 0 | AJ59: 5 | AK59: =IF(AH59=0,"0",(AH59/AI59)/AJ59) -> 0 | AM59: =AI59*AJ59 -> 0
B60: cours Open Water | AH60: =SUM(C60:AG60) -> 0 | AI60: =AH60/300 -> 0 | AJ60: 4 | AK60: =IF(AH60=0,"0",(AH60/AI60)/AJ60) -> 0 | AM60: =AI60*AJ60 -> 0
B61: plongée ahorcados/salango | AH61: =SUM(C61:AG61) -> 0 | AI61: =AH61/80 -> 0 | AJ61: 2 | AK61: =IF(AH61=0,"0",(AH61/AI61)/AJ61) -> 0 | AM61: =AI61*AJ61 -> 0
B62: plongée discovery | AH62: =SUM(C62:AG62) -> 0 | AI62: =AH62/70 -> 0 | AJ62: 1 | AK62: =IF(AH62=0,"0",(AH62/AI62)/AJ62) -> 0 | AM62: =AI62*AJ62 -> 0
B63: plongée habitués | AH63: =SUM(C63:AG63) -> 0 | AI63: 0 | AJ63: 1 | AK63: =IF(AH63=0,"0",(AH63/AI63)/AJ63) -> 0 | AM63: =AI63*AJ63 -> 0
B64: cours open water +advanced | AH64: =SUM(C64:AG64) -> 0 | AI64: =AH64/450 -> 0 | AJ64: 9 | AK64: =IF(AH64=0,"0",(AH64/AI64)/AJ64) -> 0 | AM64: =AI64*AJ64 -> 0
B65: Sous total CA | C65: =SUM(C59:C64) -> 0 | D65: =SUM(D59:D64) -> 0 | E65: =SUM(E59:E64) -> 0 | F65: =SUM(F59:F64) -> 0 | G65: =SUM(G59:G64) -> 0 | H65: =SUM(H59:H64) -> 0 | I65: =SUM(I59:I64) -> 0 | J65: =SUM(J59:J64) -> 0 | ... AG65: =SUM(AG59:AG64) -> 0 | AH65: =SUM(C65:AG65) -> 0 | AI65: =SUM(AI59:AI64) -> 0 | AK65: =IF(AH65=0,"0",(AVERAGE(AK59:AK64))) -> 0 | AL65: S/Total | AM65: =SUM(AM59:AM64) -> 0
A66: Prescripteur | B66: Produit | C66: =C50 -> 42552 | D66: =D50 -> 42553 | E66: =E50 -> 42554 | F66: =F50 -> 42555 | G66: =G50 -> 42556 | H66: =H50 -> 42557 | I66: =I50 -> 42558 | J66: =J50 -> 42559 | ... AG66: =AG50 -> 42582 | AH66: Total | AI66: # élèves | AJ66: # plongées | AK66: # unitaire | AM66: # de plongée réelle
A67: Agence | B67: cours Advanced | D67: 200 | Y67: 200 | AH67: =SUM(C67:AG67) -> 400 | AI67: =AH67/200 -> 2 | AJ67: 5 | AK67: =IF(AH67=0,"0",(AH67/AI67)/AJ67) -> 40 | AM67: =AI67*AJ67 -> 10
B68: cours Open Water | C68: 500 | O68: 300 | Q68: 600 | AH68: =SUM(C68:AG68) -> 1400 | AI68: =AH68/300 -> 4.6666667 | AJ68: 4 | AK68: =IF(AH68=0,"0",(AH68/AI68)/AJ68) -> 75 | AM68: =AI68*AJ68 -> 18.666667
B69: plongée Fun Dive ahorcados/salango | D69: 80 | G69: 60 | I69: 160 | J69: 470 | L69: 245 | N69: 180 | Q69: 80 | R69: 180 | S69: 90 | V69: 90 | W69: 170 | Y69: 310 | AB69: 70 | AD69: =210+290 -> 500 | AE69: 110 | AF69: =390+180 -> 570 | AH69: =SUM(C69:AG69) -> 3365 | AI69: =AH69/80 -> 42.0625 | AJ69: 2 | AK69: =IF(AH69=0,"0",(AH69/AI69)/AJ69) -> 40 | AM69: =AI69*AJ69 -> 84.125
B70: plongée discovery | D70: 123.95 | E70: 100 | J70: 300 | AG70: 75 | AH70: =SUM(C70:AG70) -> 598.95 | AI70: =AH70/70 -> 8.5564286 | AJ70: 1 | AK70: =IF(AH70=0,"0",(AH70/AI70)/AJ70) -> 70 | AM70: =AI70*AJ70 -> 8.5564286
B71: plongée habitués | Z71: =Z49+Z57+Z65+Z74+Z85 -> 0 | AH71: =SUM(C71:AG71) -> 0 | AI71: 0 | AJ71: 1 | AK71: =IF(AH71=0,"0",(AH71/AI71)/AJ71) -> 0 | AM71: =AI71*AJ71 -> 0
B72: cours open water +advanced | W72: 900 | Y72: 450 | AH72: =SUM(C72:AG72) -> 1350 | AI72: =AH72/450 -> 3 | AJ72: 9 | AK72: =IF(AH72=0,"0",(AH72/AI72)/AJ72) -> 50 | AM72: =AI72*AJ72 -> 27
B73: Comm excursion | D73: 30 | F73: 20 | H73: 10 | R73: 20 | W73: 15 | AC73: 20 | AF73: 48.75 | AH73: =SUM(C73:AG73) -> 163.75 | AM73: =AI73*AJ73 -> 0
B74: Sous total CA | C74: =SUM(C67:C73) -> 500 | D74: =SUM(D67:D73) -> 433.95 | E74: =SUM(E67:E73) -> 100 | F74: =SUM(F67:F73) -> 20 | G74: =SUM(G67:G73) -> 60 | H74: =SUM(H67:H73) -> 10 | I74: =SUM(I67:I73) -> 160 | J74: =SUM(J67:J73) -> 770 | ... AG74: =SUM(AG67:AG73) -> 75 | AH74: =SUM(C74:AG74) -> 7292.7 | AI74: =SUM(AI67:AI72) -> 60.285595 | AK74: =IF(AH74=0,"0",(AVERAGE(AK67:AK72))) -> 55 | AL74: S/Total | AM74: =SUM(AM67:AM73) -> 148.3481
B75: Produit | C75: =C4 -> 42552 | D75: =D4 -> 42553 | E75: =E4 -> 42554 | F75: =F4 -> 42555 | G75: =G4 -> 42556 | H75: =H4 -> 42557 | I75: =I4 -> 42558 | J75: =J4 -> 42559 | ... AG75: =AG4 -> 42582 | AH75: Total | AI75: Perçu
A76: Agence | B76: Location bouteille à 5$ | F76: 10 | J76: 20 | W76: 35 | Z76: 20 | AA76: 10 | AF76: 5 | AH76: =SUM(C76:AG76) -> 100 | AI76: 90
B77: Remplissage bouteille 3$ | Z77: 24 | AA77: 36 | AB77: 9 | AH77: =SUM(C77:AG77) -> 69
B78: Location masque 3$ | AH78: =SUM(C78:AG78) -> 0
B79: Location BCD 5$ | Z79: 10 | AH79: =SUM(C79:AG79) -> 10 | AI79: 10
B80: Location palme 3$ | Z80: 35 | AH80: =SUM(C80:AG80) -> 35
B81: Location botte 3$ | Z81: 6 | AF81: 3 | AH81: =SUM(C81:AG81) -> 9
B82: Location Dive Master | AG82: 15 | AH82: =SUM(C82:AG82) -> 15
B83: Location combinaison 5$ | AA83: 5 | AH83: =SUM(C83:AG83) -> 5
B84: Package complet 30$ | AA84: 30 | AH84: =SUM(C84:AG84) -> 30 | AI84: 20
B85: Sous total CA | C85: =SUM(C76:C84) -> 0 | D85: =SUM(D76:D84) -> 0 | E85: =SUM(E76:E84) -> 0 | F85: =SUM(F76:F84) -> 10 | G85: =SUM(G76:G84) -> 0 | H85: =SUM(H76:H84) -> 0 | I85: =SUM(I76:I84) -> 0 | J85: =SUM(J76:J84) -> 20 | ... AG85: =SUM(AG76:AG84) -> 15 | AH85: =SUM(C85:AG85) -> 273 | AI85: =SUM(AI76:AI84) -> 120
B87: Total CA journalier | C87: =C57+C65+C74+C85-C49 -> 500 | D87: =D57+D65+D74+D85-D49 -> 433.95 | E87: =E57+E65+E74+E85-E49 -> 100 | F87: =F57+F65+F74+F85-F49 -> -555 | G87: =G57+G65+G74+G85-G49 -> -470 | H87: =H57+H65+H74+H85-H49 -> 10 | I87: =I57+I65+I74+I85-I49 -> 160 | J87: =J57+J65+J74+J85-J49 -> 790 | ... AH87: =AH57+AH65+AH74+AH85-AH49 -> 500
B89: Recap du mois de : | C89: =C1 -> juillet | E89: Prix de revient d'une plongée mois de : | H89: =C1 -> juillet | J89: % du CA par secteur de vente
B90: Total CA mensuel | C90: =AH87 -> 10180.7 | E90: Nbre ttl de plongée du mois | H90: =AM49+AM57+AM65+AM74 -> 209.1481 | J90: Itay | K90: =AH49/C90 -> 0.25685857
B91: Total charges mensuelles | C91: =AH39 -> 9019.22 | E91: Coût de revient d'une plongée | H91: =C91/H90 -> 43.123606 | J91: Agence | K91: =AH74/C90 -> 0.71632599
J92: Location | K92: =AH85/C90 -> 0.026815445
B93: Résultat du mois | C93: =C90-C91 -> 1161.48 | J93: Ishay | K93: =AH57/C90 -> 0
J94: Javier | K94: =AH65/C91 -> 0
B95: Budget mensuel prévis | C95: 10500
B96: Delta vs budget | C96: =C90-C95 -> -319.3
B98: Résultat cumulé | C98: ='Juin 2016'!C94+C93 -> 4245.53

Sheet Aout 2016
B1: Mois de : | C1: août
B2: Suivi mensuel
B4: intitulé des charges | C4: 42583 | D4: 42584 | E4: 42585 | F4: 42586 | G4: 42587 | H4: 42588 | I4: 42589 | J4: 42590 | K4: 42591 | L4: 42592 | M4: 42593 | N4: 42594 | O4: 42595 | P4: 42596 | Q4: 42597 | R4: 42598 | S4: 42599 | T4: 42600 | U4: 42601 | V4: 42602 | W4: 42603 | X4: 42604 | Y4: 42605 | Z4: 42606 | AA4: 42607 | AB4: 42608 | AC4: 42609 | AD4: 42610 | AE4: 42611 | AF4: 42612 | AG4: 42613 | AH4: Total | AI4: Budget | AJ4: Delta budget
B5: capitaine | D5: 150 | AH5: =SUM(C5:AG5) -> 150 | AI5: ='Budget 2016'!C3 -> 500 | AJ5: =AI5-AH5 -> 350
B6: jérôme | AH6: =SUM(C6:AG6) -> 0 | AI6: ='Budget 2016'!C4 -> 800 | AJ6: =AI6-AH6 -> 800
B7: dani | AH7: =SUM(C7:AG7) -> 0 | AI7: ='Budget 2016'!C5 -> 800 | AJ7: =AI7-AH7 -> 800
B8: guide advanced d'appoint | E8: 15 | G8: 15 | M8: 15 | AH8: =SUM(C8:AG8) -> 45 | AI8: ='Budget 2016'!C6 -> 375 | AJ8: =AI8-AH8 -> 330
B9: instructeur | D9: 300 | F9: 90 | AH9: =SUM(C9:AG9) -> 390 | AI9: ='Budget 2016'!C7 -> 750 | AJ9: =AI9-AH9 -> 360
B10: gardiennage bateau | C10: 80 | AH10: =SUM(C10:AG10) -> 80 | AI10: ='Budget 2016'!C8 -> 130 | AJ10: =AI10-AH10 -> 50
B11: marin | D11: 130 | L11: 20 | AH11: =SUM(C11:AG11) -> 150 | AI11: ='Budget 2016'!C9 -> 500 | AJ11: =AI11-AH11 -> 350
B12: secrétaire | AH12: =SUM(C12:AG12) -> 0 | AI12: ='Budget 2016'!C10 -> 600 | AJ12: =AI12-AH12 -> 600
B13: Sous total charge personnel | C13: =SUM(C5:C12) -> 80 | D13: =SUM(D5:D12) -> 580 | E13: =SUM(E5:E12) -> 15 | F13: =SUM(F5:F12) -> 90 | G13: =SUM(G5:G12) -> 15 | H13: =SUM(H5:H12) -> 0 | I13: =SUM(I5:I12) -> 0 | J13: =SUM(J5:J12) -> 0 | ... AG13: =SUM(AG5:AG12) -> 0 | AH13: =SUM(C13:AG13) -> 815 | AI13: =SUM(AI5:AI12) -> 4455 | AJ13: =SUM(AJ5:AJ12) -> 3640
B15: autorisation municipale | AH15: =SUM(C15:AG15) -> 0 | AI15: ='Budget 2016'!C14 -> 25 | AJ15: =AI15-AH15 -> 25
B16: camionette pour les bouteilles | L16: 20 | AH16: =SUM(C16:AG16) -> 20 | AI16: ='Budget 2016'!C15 -> 182 | AJ16: =AI16-AH16 -> 162
B17: commissions agence par plongeur | AH17: =SUM(C17:AG17) -> 0 | AI17: ='Budget 2016'!C16 -> 0 | AJ17: =AI17-AH17 -> 0
B18: comptable | AH18: =SUM(C18:AG18) -> 0 | AI18: ='Budget 2016'!C17 -> 90 | AJ18: =AI18-AH18 -> 90
B19: Coût pédagogique cours PADI | AH19: =SUM(C19:AG19) -> 0 | AI19: ='Budget 2016'!C18 -> 667.25 | AJ19: =AI19-AH19 -> 667.25
B20: eau | H20: 1.25 | AH20: =SUM(C20:AG20) -> 1.25 | AI20: ='Budget 2016'!C19 -> 10 | AJ20: =AI20-AH20 -> 8.75
B21: électricité | AH21: =SUM(C21:AG21) -> 0 | AI21: ='Budget 2016'!C20 -> 130 | AJ21: =AI21-AH21 -> 130
B22: essence bateau | C22: 53 | D22: 35 | E22: =35+18 -> 53 | F22: 35 | G22: 35 | H22: 53 | M22: 35 | N22: 105 | O22: 70 | AH22: =SUM(C22:AG22) -> 474 | AI22: ='Budget 2016'!C21 -> 1170 | AJ22: =AI22-AH22 -> 696
B23: impôts | AH23: =SUM(C23:AG23) -> 0 | AI23: ='Budget 2016'!C22 -> 170 | AJ23: =AI23-AH23 -> 170
B24: internet | AH24: =SUM(C24:AG24) -> 0 | AI24: ='Budget 2016'!C23 -> 40 | AJ24: =AI24-AH24 -> 40
B25: Loyer du local | D25: 450 | AH25: =SUM(C25:AG25) -> 450 | AI25: ='Budget 2016'!C24 -> 450 | AJ25: =AI25-AH25 -> 0
B26: Nourriture clients | C26: 6.5 | D26: 20 | E26: 17 | F26: 4.53 | G26: 16.25 | H26: 22 | O26: 22 | AH26: =SUM(C26:AG26) -> 108.28 | AI26: ='Budget 2016'!C25 -> 600 | AJ26: =AI26-AH26 -> 491.72
B27: pot de vin marine | C27: 20 | D27: 20 | E27: 20 | F27: 20 | G27: 20 | H27: 20 | M27: 20 | N27: 20 | O27: 20 | AH27: =SUM(C27:AG27) -> 180 | AI27: ='Budget 2016'!C26 -> 520 | AJ27: =AI27-AH27 -> 340
B28: zarpe (taxe portuaire) | C28: 5 | D28: 5 | E28: 5 | F28: 5 | G28: 5 | H28: 5 | M28: 5 | N28: 5 | O28: 5 | AH28: =SUM(C28:AG28) -> 45 | AI28: ='Budget 2016'!C28 -> 23.833333 | AJ28: =AI28-AH28 -> -21.166667
B29: Fournitures | C29: 5 | D29: 15.5 | E29: 1.25 | F29: 26.95 | H29: 1 | K29: 61.9 | N29: 3 | AH29: =SUM(C29:AG29) -> 114.6 | AI29: 0 | AJ29: =AI29-AH29 -> -114.6
B30: Matériel | D30: 100 | F30: 20 | K30: 25 | L30: 40 | N30: 90 | O30: 50 | AH30: =SUM(C30:AG30) -> 325 | AI30: 0 | AJ30: =AI30-AH30 -> -325
B31: Location bateau | AH31: =SUM(C31:AG31) -> 0 | AI31: 0 | AJ31: =AI31-AH31 -> 0
B32: Location Tank | G32: 15 | H32: 30 | O32: 10 | AH32: =SUM(C32:AG32) -> 55 | AI32: 0 | AJ32: =AI32-AH32 -> -55
B33: location BCD | AH33: =SUM(C33:AG33) -> 0 | AI33: 0 | AJ33: =AI33-AH33 -> 0
B34: location équipement complêt | G34: 60 | O34: 24 | AH34: =SUM(C34:AG34) -> 84 | AI34: 0 | AJ34: =AI34-AH34 -> -84
B35: Paiement transfert client | F35: =120*4 -> 480 | G35: 210 | H35: 240 | AH35: =SUM(C35:AG35) -> 930 | AI35: 0 | AJ35: =AI35-AH35 -> -930
B36: site internet | AH36: =SUM(C36:AG36) -> 0 | AI36: ='Budget 2016'!C27 -> 6 | AJ36: =AI36-AH36 -> 6
B37: Panga | AH37: =SUM(C37:AG37) -> 0 | AI37: 1 | AJ37: =AI37-AH37 -> 1
B38: Sous total charge de fonctionnement | C38: =SUM(C15:C36) -> 89.5 | D38: =SUM(D15:D37) -> 645.5 | E38: =SUM(E15:E36) -> 96.25 | F38: =SUM(F15:F36) -> 591.48 | G38: =SUM(G15:G36) -> 361.25 | H38: =SUM(H15:H36) -> 372.25 | I38: =SUM(I15:I36) -> 0 | J38: =SUM(J15:J36) -> 0 | K38: =SUM(K15:K36) -> 86.9 | L38: =SUM(L15:L36) -> 60 | ... AG38: =SUM(AG15:AG36) -> 0 | AH38: =SUM(C38:AG38) -> 2787.13 | AI38: =SUM(AI15:AI36) -> 4084.0833 | AJ38: =AI38-AH38 -> 1296.9533
B39: Total charge journalière | C39: =C13+C38 -> 169.5 | D39: =D13+D38 -> 1225.5 | E39: =E13+E38 -> 111.25 | F39: =F13+F38 -> 681.48 | G39: =G13+G38 -> 376.25 | H39: =H13+H38 -> 372.25 | I39: =I13+I38 -> 0 | J39: =J13+J38 -> 0 | ... AJ39: =AJ13+AJ38 -> 4936.9533
A42: Prescripteur | B42: Produit | C42: =C4 -> 42583 | D42: =D4 -> 42584 | E42: =E4 -> 42585 | F42: =F4 -> 42586 | G42: =G4 -> 42587 | H42: =H4 -> 42588 | I42: =I4 -> 42589 | J42: =J4 -> 42590 | ... AG42: =AG4 -> 42613 | AH42: Total | AI42: # élèves | AJ42: # plongées | AK42: # unitaire | AM42: # de plongée réelle
A43: Itay | B43: cours Advanced | AH43: =SUM(C43:AG43) -> 0 | AI43: =AH43/200 -> 0 | AJ43: 5 | AK43: =IF(AH43=0,"0",(AH43/AI43)/AJ43) -> 0 | AM43: =AI43*AJ43 -> 0
B44: cours Open Water | AH44: =SUM(C44:AG44) -> 0 | AI44: =AH44/300 -> 0 | AJ44: 4 | AK44: =IF(AH44=0,"0",(AH44/AI44)/AJ44) -> 0 | AM44: =AI44*AJ44 -> 0
B45: plongée ahorcados/salango | AH45: =SUM(C45:AG45) -> 0 | AI45: =AH45/55 -> 0 | AJ45: 2 | AK45: =IF(AH45=0,"0",(AH45/AI45)/AJ45) -> 0 | AM45: =AI45*AJ45 -> 0
B46: plongée discovery | E46: 55 | AH46: =SUM(C46:AG46) -> 55 | AI46: =AH46/70 -> 0.78571429 | AJ46: 1 | AK46: =IF(AH46=0,"0",(AH46/AI46)/AJ46) -> 70 | AM46: =AI46*AJ46 -> 0.78571429
B47: plongée Isla de la Plata | G47: 240
B48: plongée habitués | AH48: =SUM(C48:AG48) -> 0 | AI48: 0 | AJ48: 1 | AK48: =IF(AH48=0,"0",(AH48/AI48)/AJ48) -> 0 | AM48: =AI48*AJ48 -> 0
B49: cours open water +advanced | C49: =300+150+150 -> 600 | K49: =300 -> 300 | Q49: =3*300 -> 900 | AH49: =SUM(C49:AG49) -> 1800 | AI49: =AH49/300 -> 6 | AJ49: 9 | AK49: =IF(AH49=0,"0",(AH49/AI49)/AJ49) -> 33.333333 | AM49: =AI49*AJ49 -> 54
B50: Sous total CA | C50: =SUM(C43:C49) -> 600 | D50: =SUM(D43:D49) -> 0 | E50: =SUM(E43:E49) -> 55 | F50: =SUM(F43:F49) -> 0 | G50: =SUM(G43:G49) -> 240 | H50: =SUM(H43:H49) -> 0 | I50: =SUM(I43:I49) -> 0 | J50: =SUM(J43:J49) -> 0 | ... AG50: =SUM(AG43:AG49) -> 0 | AH50: =SUM(C50:AG50) -> 2095 | AI50: =SUM(AI43:AI49) -> 6.7857143 | AK50: =(AVERAGE(AK43:AK49)) -> 51.666667 | AL50: S/Total | AM50: =SUM(AM43:AM49) -> 54.785714
A51: Prescripteur | B51: Produit | C51: =C42 -> 42583 | D51: =D42 -> 42584 | E51: =E42 -> 42585 | F51: =F42 -> 42586 | G51: =G42 -> 42587 | H51: =H42 -> 42588 | I51: =I42 -> 42589 | J51: =J42 -> 42590 | ... AG51: =AG42 -> 42613 | AH51: Total | AI51: # élèves | AJ51: # plongées | AK51: # unitaire | AM51: # de plongée réelle
A52: Ishay | B52: cours Advanced | AH52: =SUM(C52:AG52) -> 0 | AI52: =AH52/200 -> 0 | AJ52: 5 | AK52: =IF(AH52=0,"0",(AH52/AI52)/AJ52) -> 0 | AM52: =AI52*AJ52 -> 0
B53: cours Open Water | AH53: =SUM(C53:AG53) -> 0 | AI53: =AH53/300 -> 0 | AJ53: 4 | AK53: =IF(AH53=0,"0",(AH53/AI53)/AJ53) -> 0 | AM53: =AI53*AJ53 -> 0
B54: plongée ahorcados/salango | AH54: =SUM(C54:AG54) -> 0 | AI54: =AH54/80 -> 0 | AJ54: 2 | AK54: =IF(AH54=0,"0",(AH54/AI54)/AJ54) -> 0 | AM54: =AI54*AJ54 -> 0
B55: plongée discovery | AH55: =SUM(C55:AG55) -> 0 | AI55: =AH55/70 -> 0 | AJ55: 1 | AK55: =IF(AH55=0,"0",(AH55/AI55)/AJ55) -> 0 | AM55: =AI55*AJ55 -> 0
B56: plongée Isla de la Plata
B57: plongée habitués | AH57: =SUM(C57:AG57) -> 0 | AI57: 0 | AJ57: 1 | AK57: =IF(AH57=0,"0",(AH57/AI57)/AJ57) -> 0 | AM57: =AI57*AJ57 -> 0
B58: cours open water +advanced | L58: =3*300 -> 900 | AH58: =SUM(C58:AG58) -> 900 | AI58: =AH58/450 -> 2 | AJ58: 9 | AK58: =IF(AH58=0,"0",(AH58/AI58)/AJ58) -> 50 | AM58: =AI58*AJ58 -> 18
B59: Sous total CA | C59: =SUM(C52:C58) -> 0 | D59: =SUM(D52:D58) -> 0 | E59: =SUM(E52:E58) -> 0 | F59: =SUM(F52:F58) -> 0 | G59: =SUM(G52:G58) -> 0 | H59: =SUM(H52:H58) -> 0 | I59: =SUM(I52:I58) -> 0 | J59: =SUM(J52:J58) -> 0 | ... AG59: =SUM(AG52:AG58) -> 0 | AH59: =SUM(C59:AG59) -> 900 | AI59: =SUM(AI52:AI58) -> 2 | AK59: =IF(AH59=0,"0",(AVERAGE(AK52:AK58))) -> 50 | AL59: S/Total | AM59: =SUM(AM52:AM58) -> 18
A60: Prescripteur | B60: Produit | C60: =C42 -> 42583 | D60: =D42 -> 42584 | E60: =E42 -> 42585 | F60: =F42 -> 42586 | G60: =G42 -> 42587 | H60: =H42 -> 42588 | I60: =I42 -> 42589 | J60: =J42 -> 42590 | ... AG60: =AG42 -> 42613 | AH60: Total | AI60: # élèves | AJ60: # plongées | AK60: # unitaire | AM60: # de plongée réelle
A61: Javier | B61: cours Advanced | AH61: =SUM(C61:AG61) -> 0 | AI61: =AH61/200 -> 0 | AJ61: 5 | AK61: =IF(AH61=0,"0",(AH61/AI61)/AJ61) -> 0 | AM61: =AI61*AJ61 -> 0
B62: cours Open Water | AH62: =SUM(C62:AG62) -> 0 | AI62: =AH62/300 -> 0 | AJ62: 4 | AK62: =IF(AH62=0,"0",(AH62/AI62)/AJ62) -> 0 | AM62: =AI62*AJ62 -> 0
B63: plongée ahorcados/salango | AH63: =SUM(C63:AG63) -> 0 | AI63: =AH63/80 -> 0 | AJ63: 2 | AK63: =IF(AH63=0,"0",(AH63/AI63)/AJ63) -> 0 | AM63: =AI63*AJ63 -> 0
B64: plongée discovery | AH64: =SUM(C64:AG64) -> 0 | AI64: =AH64/70 -> 0 | AJ64: 1 | AK64: =IF(AH64=0,"0",(AH64/AI64)/AJ64) -> 0 | AM64: =AI64*AJ64 -> 0
B65: plongée Isla de la Plata
B66: plongée habitués | AH66: =SUM(C66:AG66) -> 0 | AI66: 0 | AJ66: 1 | AK66: =IF(AH66=0,"0",(AH66/AI66)/AJ66) -> 0 | AM66: =AI66*AJ66 -> 0
B67: cours open water +advanced | AH67: =SUM(C67:AG67) -> 0 | AI67: =AH67/450 -> 0 | AJ67: 9 | AK67: =IF(AH67=0,"0",(AH67/AI67)/AJ67) -> 0 | AM67: =AI67*AJ67 -> 0
B68: Sous total CA | C68: =SUM(C61:C67) -> 0 | D68: =SUM(D61:D67) -> 0 | E68: =SUM(E61:E67) -> 0 | F68: =SUM(F61:F67) -> 0 | G68: =SUM(G61:G67) -> 0 | H68: =SUM(H61:H67) -> 0 | I68: =SUM(I61:I67) -> 0 | J68: =SUM(J61:J67) -> 0 | ... AG68: =SUM(AG61:AG67) -> 0 | AH68: =SUM(C68:AG68) -> 0 | AI68: =SUM(AI61:AI67) -> 0 | AK68: =IF(AH68=0,"0",(AVERAGE(AK61:AK67))) -> 0 | AL68: S/Total | AM68: =SUM(AM61:AM67) -> 0
A69: Prescripteur | B69: Produit | C69: =C60 -> 42583 | D69: =D60 -> 42584 | E69: =E60 -> 42585 | F69: =F60 -> 42586 | G69: =G60 -> 42587 | H69: =H60 -> 42588 | I69: =I60 -> 42589 | J69: =J60 -> 42590 | ... AG69: =AG60 -> 42613 | AH69: Total | AI69: # élèves | AJ69: # plongées | AK69: # unitaire | AM69: # de plongée réelle
A70: Million Service | B70: cours Advanced | AH70: =SUM(C70:AG70) -> 0 | AI70: =AH70/200 -> 0 | AJ70: 5 | AK70: =IF(AH70=0,"0",(AH70/AI70)/AJ70) -> 0 | AM70: =AI70*AJ70 -> 0
B71: cours Open Water | AH71: =SUM(C71:AG71) -> 0 | AI71: =AH71/300 -> 0 | AJ71: 4 | AK71: =IF(AH71=0,"0",(AH71/AI71)/AJ71) -> 0 | AM71: =AI71*AJ71 -> 0
B72: plongée ahorcados/salango | AH72: =SUM(C72:AG72) -> 0 | AI72: =AH72/80 -> 0 | AJ72: 2 | AK72: =IF(AH72=0,"0",(AH72/AI72)/AJ72) -> 0 | AM72: =AI72*AJ72 -> 0
B73: plongée discovery | AH73: =SUM(C73:AG73) -> 0 | AI73: =AH73/70 -> 0 | AJ73: 1 | AK73: =IF(AH73=0,"0",(AH73/AI73)/AJ73) -> 0 | AM73: =AI73*AJ73 -> 0
B74: plongée Isla de la Plata | G74: 250
B75: plongée habitués | AH75: =SUM(C75:AG75) -> 0 | AI75: 0 | AJ75: 1 | AK75: =IF(AH75=0,"0",(AH75/AI75)/AJ75) -> 0 | AM75: =AI75*AJ75 -> 0
B76: cours open water +advanced | AH76: =SUM(C76:AG76) -> 0 | AI76: =AH76/450 -> 0 | AJ76: 9 | AK76: =IF(AH76=0,"0",(AH76/AI76)/AJ76) -> 0 | AM76: =AI76*AJ76 -> 0
B77: Sous total CA | C77: =SUM(C70:C76) -> 0 | D77: =SUM(D70:D76) -> 0 | E77: =SUM(E70:E76) -> 0 | F77: =SUM(F70:F76) -> 0 | G77: =SUM(G70:G76) -> 250 | H77: =SUM(H70:H76) -> 0 | I77: =SUM(I70:I76) -> 0 | J77: =SUM(J70:J76) -> 0 | ... AG77: =SUM(AG70:AG76) -> 0 | AH77: =SUM(C77:AG77) -> 250 | AI77: =SUM(AI70:AI76) -> 0 | AK77: =IF(AH77=0,"0",(AVERAGE(AK70:AK76))) -> #DIV/0! | AL77: S/Total | AM77: =SUM(AM70:AM76) -> 0
A78: Prescripteur | B78: Produit | C78: =C51 -> 42583 | D78: =D51 -> 42584 | E78: =E51 -> 42585 | F78: =F51 -> 42586 | G78: =G51 -> 42587 | H78: =H51 -> 42588 | I78: =I51 -> 42589 | J78: =J51 -> 42590 | ... AG78: =AG51 -> 42613 | AH78: Total | AI78: # élèves | AJ78: # plongées | AK78: # unitaire | AM78: # de plongée réelle
A79: Agence | B79: cours Advanced | H79: 100 | AH79: =SUM(C79:AG79) -> 100 | AI79: =AH79/200 -> 0.5 | AJ79: 5 | AK79: =IF(AH79=0,"0",(AH79/AI79)/AJ79) -> 40 | AM79: =AI79*AJ79 -> 2.5
B80: cours Open Water | D80: 300 | F80: 300 | AH80: =SUM(C80:AG80) -> 600 | AI80: =AH80/300 -> 2 | AJ80: 4 | AK80: =IF(AH80=0,"0",(AH80/AI80)/AJ80) -> 75 | AM80: =AI80*AJ80 -> 8
B81: plongée Fun Dive ahorcados/salango | C81: =(2*80)+60 -> 220 | D81: 90 | E81: =125*2 -> 250 | H81: 360 | L81: =270+180 -> 450 | N81: =110+200 -> 310 | AH81: =SUM(C81:AG81) -> 1680 | AI81: =AH81/80 -> 21 | AJ81: 2 | AK81: =IF(AH81=0,"0",(AH81/AI81)/AJ81) -> 40 | AM81: =AI81*AJ81 -> 42
B82: plongée discovery | H82: 160 | K82: 180 | AH82: =SUM(C82:AG82) -> 340 | AI82: =AH82/70 -> 4.8571429 | AJ82: 1 | AK82: =IF(AH82=0,"0",(AH82/AI82)/AJ82) -> 70 | AM82: =AI82*AJ82 -> 4.8571429
B83: plongée Isla de la Plata | K83: 120
B84: plongée habitués | L84: 15 | AH84: =SUM(C84:AG84) -> 15 | AI84: 0 | AJ84: 1 | AK84: =IF(AH84=0,"0",(AH84/AI84)/AJ84) -> #DIV/0! | AM84: =AI84*AJ84 -> 0
B85: cours open water +advanced | AH85: =SUM(C85:AG85) -> 0 | AI85: =AH85/450 -> 0 | AJ85: 9 | AK85: =IF(AH85=0,"0",(AH85/AI85)/AJ85) -> 0 | AM85: =AI85*AJ85 -> 0
B86: Comm excursion | G86: 48 | H86: 40 | K86: 180 | N86: 415 | AM86: =AI86*AJ86 -> 0
B87: Sous total CA | C87: =SUM(C79:C86) -> 220 | D87: =SUM(D79:D86) -> 390 | E87: =SUM(E79:E86) -> 250 | F87: =SUM(F79:F86) -> 300 | G87: =SUM(G79:G86) -> 48 | H87: =SUM(H79:H86) -> 660 | I87: =SUM(I79:I86) -> 0 | J87: =SUM(J79:J86) -> 0 | ... AG87: =SUM(AG79:AG86) -> 0 | AH87: =SUM(C87:AG87) -> 3538 | AI87: =SUM(AI79:AI85) -> 28.357143 | AK87: =IF(AH87=0,"0",(AVERAGE(AK79:AK85))) -> #DIV/0! | AL87: S/Total | AM87: =SUM(AM79:AM86) -> 57.357143
B88: Produit | C88: =C4 -> 42583 | D88: =D4 -> 42584 | E88: =E4 -> 42585 | F88: =F4 -> 42586 | G88: =G4 -> 42587 | H88: =H4 -> 42588 | I88: =I4 -> 42589 | J88: =J4 -> 42590 | ... AG88: =AG4 -> 42613 | AH88: Total | AI88: Perçu
A89: Agence | B89: Location bouteille à 5$ | AH89: =SUM(C89:AG89) -> 0 | AI89: 0
B90: Remplissage bouteille 3$ | N90: =20*5 -> 100 | O90: =3*6 -> 18 | AH90: =SUM(C90:AG90) -> 118 | AI90: 0
B91: Location masque 3$ | AH91: =SUM(C91:AG91) -> 0 | AI91: 0
B92: Location BCd 5$ | AH92: =SUM(C92:AG92) -> 0 | AI92: 0
B93: Location palme 3$ | AH93: =SUM(C93:AG93) -> 0 | AI93: 0
B94: Location botte 3$ | AH94: =SUM(C94:AG94) -> 0 | AI94: 0
B95: Location Dive Master | AH95: =SUM(C95:AG95) -> 0 | AI95: 0
B96: Location combinaison 5$ | AH96: =SUM(C96:AG96) -> 0 | AI96: 0
B97: Package complet 30$ | AH97: =SUM(C97:AG97) -> 0 | AI97: 0
B98: Sous total CA | C98: =SUM(C89:C97) -> 0 | D98: =SUM(D89:D97) -> 0 | E98: =SUM(E89:E97) -> 0 | F98: =SUM(F89:F97) -> 0 | G98: =SUM(G89:G97) -> 0 | H98: =SUM(H89:H97) -> 0 | I98: 0 | J98: =SUM(J89:J97) -> 0 | K98: =SUM(K89:K97) -> 0 | L98: =SUM(L89:L97) -> 0 | M98: =SUM(M89:M97) -> 0 | N98: =SUM(N89:N97) -> 100 | O98: =SUM(O89:O97) -> 18 | P98: =SUM(P89:P97) -> 0 | Q98: =SUM(Q89:Q97) -> 0 | ... AG98: =SUM(AG89:AG97) -> 0 | AH98: =SUM(C98:AG98) -> 118 | AI98: =SUM(AI89:AI97) -> 0
B99: Sous total CA journalier | C99: =SUM(C50+C59+C68+C77+C87+C98) -> 820 | D99: =SUM(D50+D59+D68+D77+D87+D98) -> 390 | E99: =SUM(E50+E59+E68+E77+E87+E98) -> 305 | F99: =SUM(F50+F59+F68+F77+F87+F98) -> 300 | G99: =SUM(G50+G59+G68+G77+G87+G98) -> 538 | H99: =SUM(H50+H59+H68+H77+H87+H98) -> 660 | I99: =SUM(I50+I59+I68+I77+I87+I98) -> 0 | J99: =SUM(J50+J59+J68+J77+J87+J98) -> 0 | ... AH99: =SUM(AH50+AH59+AH68+AH77+AH87+AH98) -> 6901
B101: Résultat journalier CA vs Charge | C101: =C50+C59+C68+C77+C87+C98-C39 -> 650.5 | D101: =D50+D59+D68+D77+D87+D98-D39 -> -835.5 | E101: =E50+E59+E68+E77+E87+E98-E39 -> 193.75 | F101: =F50+F59+F68+F77+F87+F98-F39 -> -381.48 | G101: =G50+G59+G68+G77+G87+G98-G39 -> 161.75 | H101: =H50+H59+H68+H77+H87+H98-H39 -> 287.75 | I101: =I50+I59+I68+I77+I87+I98-I39 -> 0 | J101: =J50+J59+J68+J77+J87+J98-J39 -> 0 | ... AH101: =AH50+AH59+AH68+AH77+AH87+AH98-AH39 -> 3298.87
B103: Recap du mois de : | C103: =C1 -> août | E103: Prix de revient d'une plongée mois de : | H103: =C1 -> août | J103: % du CA par secteur de vente
B104: Total CA mensuel | C104: =AH99 -> 6901 | E104: Nbre ttl de plongée du mois | H104: =AM50+AM59+AM68+AM87 -> 130.14286 | J104: Itay | K104: =AH50/C104 -> 0.30357919
B105: Total charges mensuelles | C105: =AH39 -> 3602.13 | E105: Coût de revient d'une plongée | H105: =C105/H104 -> 27.678277 | J105: Agence | K105: =AH87/C104 -> 0.51267932
J106: Location | K106: =AH98/C104 -> 0.017098971
...

Sheet Sept 2016
B1: Mois de : | C1: Septembre
B2: Suivi mensuel
B4: intitulé des charges | C4: 42614 | D4: 42615 | E4: 42616 | F4: 42617 | G4: 42618 | H4: 42619 | I4: 42620 | J4: 42621 | K4: 42622 | L4: 42623 | M4: 42624 | N4: 42625 | O4: 42626 | P4: 42627 | Q4: 42628 | R4: 42629 | S4: 42630 | T4: 42631 | U4: 42632 | V4: 42633 | W4: 42634 | X4: 42635 | Y4: 42636 | Z4: 42637 | AA4: 42638 | AB4: 42639 | AC4: 42640 | AD4: 42641 | AE4: 42642 | AF4: 42643 | AH4: Total | AI4: Budget | AJ4: Delta budget
B5: capitaine | AH5: =SUM(C5:AG5) -> 0 | AI5: ='Budget 2016'!C3 -> 500 | AJ5: =AI5-AH5 -> 500
B6: jérôme | AH6: =SUM(C6:AG6) -> 0 | AI6: ='Budget 2016'!C4 -> 800 | AJ6: =AI6-AH6 -> 800
B7: dani | AH7: =SUM(C7:AG7) -> 0 | AI7: ='Budget 2016'!C5 -> 800 | AJ7: =AI7-AH7 -> 800
B8: guide advanced d'appoint | AH8: =SUM(C8:AG8) -> 0 | AI8: ='Budget 2016'!C6 -> 375 | AJ8: =AI8-AH8 -> 375
B9: instructeur | AH9: =SUM(C9:AG9) -> 0 | AI9: ='Budget 2016'!C7 -> 750 | AJ9: =AI9-AH9 -> 750
B10: gardiennage bateau | AH10: =SUM(C10:AG10) -> 0 | AI10: ='Budget 2016'!C8 -> 130 | AJ10: =AI10-AH10 -> 130
B11: marin | AH11: =SUM(C11:AG11) -> 0 | AI11: ='Budget 2016'!C9 -> 500 | AJ11: =AI11-AH11 -> 500
B12: secrétaire | AH12: =SUM(C12:AG12) -> 0 | AI12: ='Budget 2016'!C10 -> 600 | AJ12: =AI12-AH12 -> 600
B13: Sous total charge personnel | C13: =SUM(C5:C12) -> 0 | D13: =SUM(D5:D12) -> 0 | E13: =SUM(E5:E12) -> 0 | F13: =SUM(F5:F12) -> 0 | G13: =SUM(G5:G12) -> 0 | H13: =SUM(H5:H12) -> 0 | I13: =SUM(I5:I12) -> 0 | J13: =SUM(J5:J12) -> 0 | ... AG13: =SUM(AG5:AG12) -> 0 | AH13: =SUM(C13:AG13) -> 0 | AI13: =SUM(AI5:AI12) -> 4455 | AJ13: =SUM(AJ5:AJ12) -> 4455
B15: autorisation municipale | AH15: =SUM(C15:AG15) -> 0 | AI15: ='Budget 2016'!C14 -> 25 | AJ15: =AI15-AH15 -> 25
B16: camionette pour les bouteilles | AH16: =SUM(C16:AG16) -> 0 | AI16: ='Budget 2016'!C15 -> 182 | AJ16: =AI16-AH16 -> 182
B17: commissions agence par plongeur | AH17: =SUM(C17:AG17) -> 0 | AI17: ='Budget 2016'!C16 -> 0 | AJ17: =AI17-AH17 -> 0
B18: comptable | AH18: =SUM(C18:AG18) -> 0 | AI18: ='Budget 2016'!C17 -> 90 | AJ18: =AI18-AH18 -> 90
B19: Coût pédagogique cours PADI | AH19: =SUM(C19:AG19) -> 0 | AI19: ='Budget 2016'!C18 -> 667.25 | AJ19: =AI19-AH19 -> 667.25
B20: eau | AH20: =SUM(C20:AG20) -> 0 | AI20: ='Budget 2016'!C19 -> 10 | AJ20: =AI20-AH20 -> 10
B21: électricité | AH21: =SUM(C21:AG21) -> 0 | AI21: ='Budget 2016'!C20 -> 130 | AJ21: =AI21-AH21 -> 130
B22: essence bateau | AH22: =SUM(C22:AG22) -> 0 | AI22: ='Budget 2016'!C21 -> 1170 | AJ22: =AI22-AH22 -> 1170
B23: impôts | AH23: =SUM(C23:AG23) -> 0 | AI23: ='Budget 2016'!C22 -> 170 | AJ23: =AI23-AH23 -> 170
B24: internet | AH24: =SUM(C24:AG24) -> 0 | AI24: ='Budget 2016'!C23 -> 40 | AJ24: =AI24-AH24 -> 40
B25: Loyer du local | AH25: =SUM(C25:AG25) -> 0 | AI25: ='Budget 2016'!C24 -> 450 | AJ25: =AI25-AH25 -> 450
B26: Nourriture clients | AH26: =SUM(C26:AG26) -> 0 | AI26: ='Budget 2016'!C25 -> 600 | AJ26: =AI26-AH26 -> 600
B27: pot de vin marine | AH27: =SUM(C27:AG27) -> 0 | AI27: ='Budget 2016'!C26 -> 520 | AJ27: =AI27-AH27 -> 520
B28: zarpe (taxe portuaire) | AH28: =SUM(C28:AG28) -> 0 | AI28: ='Budget 2016'!C28 -> 23.833333 | AJ28: =AI28-AH28 -> 23.833333
B29: Fournitures | AH29: =SUM(C29:AG29) -> 0 | AI29: 0 | AJ29: =AI29-AH29 -> 0
B30: Matériel | AH30: =SUM(C30:AG30) -> 0 | AI30: 0 | AJ30: =AI30-AH30 -> 0
B31: Location bateau | AH31: =SUM(C31:AG31) -> 0 | AI31: 0 | AJ31: =AI31-AH31 -> 0
B32: Location Tank | AH32: =SUM(C32:AG32) -> 0 | AI32: 0 | AJ32: =AI32-AH32 -> 0
B33: location BCD | AH33: =SUM(C33:AG33) -> 0 | AI33: 0 | AJ33: =AI33-AH33 -> 0
B34: location équipement complêt | AH34: =SUM(C34:AG34) -> 0 | AI34: 0 | AJ34: =AI34-AH34 -> 0
B35: Paiement transfert client | AH35: =SUM(C35:AG35) -> 0 | AI35: 0 | AJ35: =AI35-AH35 -> 0
B36: site internet | AH36: =SUM(C36:AG36) -> 0 | AI36: ='Budget 2016'!C27 -> 6 | AJ36: =AI36-AH36 -> 6
B37: Panga | AH37: =SUM(C37:AG37) -> 0 | AI37: 1 | AJ37: =AI37-AH37 -> 1
B38: Sous total charge de fonctionnement | C38: =SUM(C15:C36) -> 0 | D38: =SUM(D15:D36) -> 0 | E38: =SUM(E15:E36) -> 0 | F38: =SUM(F15:F36) -> 0 | G38: =SUM(G15:G36) -> 0 | H38: =SUM(H15:H36) -> 0 | I38: =SUM(I15:I36) -> 0 | J38: =SUM(J15:J36) -> 0 | ... AG38: =SUM(AG15:AG36) -> 0 | AH38: =SUM(C38:AG38) -> 0 | AI38: =SUM(AI15:AI36) -> 4084.0833 | AJ38: =AI38-AH38 -> 4084.0833
B39: Total charge journalière | C39: =C13+C38 -> 0 | D39: =D13+D38 -> 0 | E39: =E13+E38 -> 0 | F39: =F13+F38 -> 0 | G39: =G13+G38 -> 0 | H39: =H13+H38 -> 0 | I39: =I13+I38 -> 0 | J39: =J13+J38 -> 0 | ... AJ39: =AJ13+AJ38 -> 8539.0833
A42: Prescripteur | B42: Produit | C42: =C4 -> 42614 | D42: =D4 -> 42615 | E42: =E4 -> 42616 | F42: =F4 -> 42617 | G42: =G4 -> 42618 | H42: =H4 -> 42619 | I42: =I4 -> 42620 | J42: =J4 -> 42621 | ... AF42: =AF4 -> 42643 | AH42: Total | AI42: # élèves | AJ42: # plongées | AK42: # unitaire | AM42: # de plongée réelle
A43: Itay | B43: cours Advanced | AH43: =SUM(C43:AG43) -> 0 | AI43: =AH43/200 -> 0 | AJ43: 5 | AK43: =IF(AH43=0,"0",(AH43/AI43)/AJ43) -> 0 | AM43: =AI43*AJ43 -> 0
B44: cours Open Water | AH44: =SUM(C44:AG44) -> 0 | AI44: =AH44/300 -> 0 | AJ44: 4 | AK44: =IF(AH44=0,"0",(AH44/AI44)/AJ44) -> 0 | AM44: =AI44*AJ44 -> 0
B45: plongée ahorcados/salango | AH45: =SUM(C45:AG45) -> 0 | AI45: =AH45/55 -> 0 | AJ45: 2 | AK45: =IF(AH45=0,"0",(AH45/AI45)/AJ45) -> 0 | AM45: =AI45*AJ45 -> 0
B46: plongée discovery | AH46: =SUM(C46:AG46) -> 0 | AI46: =AH46/70 -> 0 | AJ46: 1 | AK46: =IF(AH46=0,"0",(AH46/AI46)/AJ46) -> 0 | AM46: =AI46*AJ46 -> 0
B47: plongée habitués | AH47: =SUM(C47:AG47) -> 0 | AI47: 0 | AJ47: 1 | AK47: =IF(AH47=0,"0",(AH47/AI47)/AJ47) -> 0 | AM47: =AI47*AJ47 -> 0
B48: cours open water +advanced | AH48: =SUM(C48:AG48) -> 0 | AI48: =AH48/300 -> 0 | AJ48: 9 | AK48: =IF(AH48=0,"0",(AH48/AI48)/AJ48) -> 0 | AM48: =AI48*AJ48 -> 0
B49: Sous total CA | C49: =SUM(C43:C48) -> 0 | D49: =SUM(D43:D48) -> 0 | E49: =SUM(E43:E48) -> 0 | F49: =SUM(F43:F48) -> 0 | G49: =SUM(G43:G48) -> 0 | H49: =SUM(H43:H48) -> 0 | I49: =SUM(I43:I48) -> 0 | J49: =SUM(J43:J48) -> 0 | ... AG49: =SUM(AG43:AG48) -> 0 | AH49: =SUM(C49:AG49) -> 0 | AI49: =SUM(AI43:AI48) -> 0 | AK49: =(AVERAGE(AK43:AK48)) -> #DIV/0! | AL49: S/Total | AM49: =SUM(AM43:AM48) -> 0
A50: Prescripteur | B50: Produit | C50: =C42 -> 42614 | D50: =D42 -> 42615 | E50: =E42 -> 42616 | F50: =F42 -> 42617 | G50: =G42 -> 42618 | H50: =H42 -> 42619 | I50: =I42 -> 42620 | J50: =J42 -> 42621 | ... AF50: =AF42 -> 42643 | AH50: Total | AI50: # élèves | AJ50: # plongées | AK50: # unitaire | AM50: # de plongée réelle
A51: Ishay | B51: cours Advanced | AH51: =SUM(C51:AG51) -> 0 | AI51: =AH51/200 -> 0 | AJ51: 5 | AK51: =IF(AH51=0,"0",(AH51/AI51)/AJ51) -> 0 | AM51: =AI51*AJ51 -> 0
B52: cours Open Water | AH52: =SUM(C52:AG52) -> 0 | AI52: =AH52/300 -> 0 | AJ52: 4 | AK52: =IF(AH52=0,"0",(AH52/AI52)/AJ52) -> 0 | AM52: =AI52*AJ52 -> 0
B53: plongée ahorcados/salango | AH53: =SUM(C53:AG53) -> 0 | AI53: =AH53/80 -> 0 | AJ53: 2 | AK53: =IF(AH53=0,"0",(AH53/AI53)/AJ53) -> 0 | AM53: =AI53*AJ53 -> 0
B54: plongée discovery | AH54: =SUM(C54:AG54) -> 0 | AI54: =AH54/70 -> 0 | AJ54: 1 | AK54: =IF(AH54=0,"0",(AH54/AI54)/AJ54) -> 0 | AM54: =AI54*AJ54 -> 0
B55: plongée habitués | AH55: =SUM(C55:AG55) -> 0 | AI55: 0 | AJ55: 1 | AK55: =IF(AH55=0,"0",(AH55/AI55)/AJ55) -> 0 | AM55: =AI55*AJ55 -> 0
B56: cours open water +advanced | AH56: =SUM(C56:AG56) -> 0 | AI56: =AH56/450 -> 0 | AJ56: 9 | AK56: =IF(AH56=0,"0",(AH56/AI56)/AJ56) -> 0 | AM56: =AI56*AJ56 -> 0
B57: Sous total CA | C57: =SUM(C51:C56) -> 0 | D57: =SUM(D51:D56) -> 0 | E57: =SUM(E51:E56) -> 0 | F57: =SUM(F51:F56) -> 0 | G57: =SUM(G51:G56) -> 0 | H57: =SUM(H51:H56) -> 0 | I57: =SUM(I51:I56) -> 0 | J57: =SUM(J51:J56) -> 0 | ... AG57: =SUM(AG51:AG56) -> 0 | AH57: =SUM(C57:AG57) -> 0 | AI57: =SUM(AI51:AI56) -> 0 | AK57: =IF(AH57=0,"0",(AVERAGE(AK51:AK56))) -> 0 | AL57: S/Total | AM57: =SUM(AM51:AM56) -> 0
A58: Prescripteur | B58: Produit | C58: =C42 -> 42614 | D58: =D42 -> 42615 | E58: =E42 -> 42616 | F58: =F42 -> 42617 | G58: =G42 -> 42618 | H58: =H42 -> 42619 | I58: =I42 -> 42620 | J58: =J42 -> 42621 | ... AF58: =AF42 -> 42643 | AH58: Total | AI58: # élèves | AJ58: # plongées | AK58: # unitaire | AM58: # de plongée réelle
A59: Javier | B59: cours Advanced | AH59: =SUM(C59:AG59) -> 0 | AI59: =AH59/200 -> 0 | AJ59: 5 | AK59: =IF(AH59=0,"0",(AH59/AI59)/AJ59) -> 0 | AM59: =AI59*AJ59 -> 0
B60: cours Open Water | AH60: =SUM(C60:AG60) -> 0 | AI60: =AH60/300 -> 0 | AJ60: 4 | AK60: =IF(AH60=0,"0",(AH60/AI60)/AJ60) -> 0 | AM60: =AI60*AJ60 -> 0
B61: plongée ahorcados/salango | AH61: =SUM(C61:AG61) -> 0 | AI61: =AH61/80 -> 0 | AJ61: 2 | AK61: =IF(AH61=0,"0",(AH61/AI61)/AJ61) -> 0 | AM61: =AI61*AJ61 -> 0
B62: plongée discovery | AH62: =SUM(C62:AG62) -> 0 | AI62: =AH62/70 -> 0 | AJ62: 1 | AK62: =IF(AH62=0,"0",(AH62/AI62)/AJ62) -> 0 | AM62: =AI62*AJ62 -> 0
B63: plongée habitués | AH63: =SUM(C63:AG63) -> 0 | AI63: 0 | AJ63: 1 | AK63: =IF(AH63=0,"0",(AH63/AI63)/AJ63) -> 0 | AM63: =AI63*AJ63 -> 0
B64: cours open water +advanced | AH64: =SUM(C64:AG64) -> 0 | AI64: =AH64/450 -> 0 | AJ64: 9 | AK64: =IF(AH64=0,"0",(AH64/AI64)/AJ64) -> 0 | AM64: =AI64*AJ64 -> 0
B65: Sous total CA | C65: =SUM(C59:C64) -> 0 | D65: =SUM(D59:D64) -> 0 | E65: =SUM(E59:E64) -> 0 | F65: =SUM(F59:F64) -> 0 | G65: =SUM(G59:G64) -> 0 | H65: =SUM(H59:H64) -> 0 | I65: =SUM(I59:I64) -> 0 | J65: =SUM(J59:J64) -> 0 | ... AG65: =SUM(AG59:AG64) -> 0 | AH65: =SUM(C65:AG65) -> 0 | AI65: =SUM(AI59:AI64) -> 0 | AK65: =IF(AH65=0,"0",(AVERAGE(AK59:AK64))) -> 0 | AL65: S/Total | AM65: =SUM(AM59:AM64) -> 0
A66: Prescripteur | B66: Produit | C66: =C50 -> 42614 | D66: =D50 -> 42615 | E66: =E50 -> 42616 | F66: =F50 -> 42617 | G66: =G50 -> 42618 | H66: =H50 -> 42619 | I66: =I50 -> 42620 | J66: =J50 -> 42621 | ... AF66: =AF50 -> 42643 | AH66: Total | AI66: # élèves | AJ66: # plongées | AK66: # unitaire | AM66: # de plongée réelle
A67: Agence | B67: cours Advanced | AH67: =SUM(C67:AG67) -> 0 | AI67: =AH67/200 -> 0 | AJ67: 5 | AK67: =IF(AH67=0,"0",(AH67/AI67)/AJ67) -> 0 | AM67: =AI67*AJ67 -> 0
B68: cours Open Water | AH68: =SUM(C68:AG68) -> 0 | AI68: =AH68/300 -> 0 | AJ68: 4 | AK68: =IF(AH68=0,"0",(AH68/AI68)/AJ68) -> 0 | AM68: =AI68*AJ68 -> 0
B69: plongée Fun Dive ahorcados/salango | AH69: =SUM(C69:AG69) -> 0 | AI69: =AH69/80 -> 0 | AJ69: 2 | AK69: =IF(AH69=0,"0",(AH69/AI69)/AJ69) -> 0 | AM69: =AI69*AJ69 -> 0
B70: plongée discovery | AH70: =SUM(C70:AG70) -> 0 | AI70: =AH70/70 -> 0 | AJ70: 1 | AK70: =IF(AH70=0,"0",(AH70/AI70)/AJ70) -> 0 | AM70: =AI70*AJ70 -> 0
B71: plongée habitués | AH71: =SUM(C71:AG71) -> 0 | AI71: 0 | AJ71: 1 | AK71: =IF(AH71=0,"0",(AH71/AI71)/AJ71) -> 0 | AM71: =AI71*AJ71 -> 0
B72: cours open water +advanced | AH72: =SUM(C72:AG72) -> 0 | AI72: =AH72/450 -> 0 | AJ72: 9 | AK72: =IF(AH72=0,"0",(AH72/AI72)/AJ72) -> 0 | AM72: =AI72*AJ72 -> 0
B73: Comm excursion | AM73: =AI73*AJ73 -> 0
B74: Sous total CA | C74: =SUM(C67:C73) -> 0 | D74: =SUM(D67:D73) -> 0 | E74: =SUM(E67:E73) -> 0 | F74: =SUM(F67:F73) -> 0 | G74: =SUM(G67:G73) -> 0 | H74: =SUM(H67:H73) -> 0 | I74: =SUM(I67:I73) -> 0 | J74: =SUM(J67:J73) -> 0 | ... AG74: =SUM(AG67:AG73) -> 0 | AH74: =SUM(C74:AG74) -> 0 | AI74: =SUM(AI67:AI72) -> 0 | AK74: =IF(AH74=0,"0",(AVERAGE(AK67:AK72))) -> 0 | AL74: S/Total | AM74: =SUM(AM67:AM73) -> 0
B75: Produit | C75: =C4 -> 42614 | D75: =D4 -> 42615 | E75: =E4 -> 42616 | F75: =F4 -> 42617 | G75: =G4 -> 42618 | H75: =H4 -> 42619 | I75: =I4 -> 42620 | J75: =J4 -> 42621 | ... AF75: =AF4 -> 42643 | AH75: Total | AI75: Perçu
A76: Agence | B76: Location bouteille à 5$ | AH76: =SUM(C76:AG76) -> 0 | AI76: 0
B77: Remplissage bouteille 3$ | AH77: =SUM(C77:AG77) -> 0 | AI77: 0
B78: Location masque 3$ | AH78: =SUM(C78:AG78) -> 0 | AI78: 0
B79: Location BCd 5$ | AH79: =SUM(C79:AG79) -> 0 | AI79: 0
B80: Location palme 3$ | AH80: =SUM(C80:AG80) -> 0 | AI80: 0
B81: Location botte 3$ | AH81: =SUM(C81:AG81) -> 0 | AI81: 0
B82: Location Dive Master | AH82: =SUM(C82:AG82) -> 0 | AI82: 0
B83: Location combinaison 5$ | AH83: =SUM(C83:AG83) -> 0 | AI83: 0
B84: Package complet 30$ | AH84: =SUM(C84:AG84) -> 0 | AI84: 0
B85: Sous total CA | C85: =SUM(C76:C84) -> 0 | D85: =SUM(D76:D84) -> 0 | E85: =SUM(E76:E84) -> 0 | F85: =SUM(F76:F84) -> 0 | G85: =SUM(G76:G84) -> 0 | H85: =SUM(H76:H84) -> 0 | I85: =SUM(I76:I84) -> 0 | J85: =SUM(J76:J84) -> 0 | ... AG85: =SUM(AG76:AG84) -> 0 | AH85: =SUM(C85:AG85) -> 0 | AI85: =SUM(AI76:AI84) -> 0
B87: Total CA journalier | C87: =C49+C57+C65+C74+C85 -> 0 | D87: =D49+D57+D65+D74+D85 -> 0 | E87: =E49+E57+E65+E74+E85 -> 0 | F87: =F49+F57+F65+F74+F85 -> 0 | G87: =G49+G57+G65+G74+G85 -> 0 | H87: =H49+H57+H65+H74+H85 -> 0 | I87: =I49+I57+I65+I74+I85 -> 0 | J87: =J49+J57+J65+J74+J85 -> 0 | ... AH87: =AH49+AH57+AH65+AH74+AH85 -> 0
B89: Recap du mois de : | C89: =C1 -> Septembre | E89: Prix de revient d'une plongée mois de : | H89: =C1 -> Septembre | J89: % du CA par secteur de vente
B90: Total CA mensuel | C90: =AH85 -> 0 | E90: Nbre ttl de plongée du mois | H90: =AM49+AM57+AM65+AM74 -> 0 | J90: Itay | K90: =AH49/C90 -> #DIV/0!
B91: Total charges mensuelles | C91: =AH25 -> 0 | E91: Coût de revient d'une plongée | H91: =C91/H90 -> #DIV/0! | J91: Agence | K91: =AH74/C90 -> #DIV/0!
J92: Location | K92: =AH85/C90 -> #DIV/0!
B93: Résultat du mois | C93: =C90-C91 -> 0 | J93: Ishay | K93: =AH57/C90 -> #DIV/0!
J94: Javier | K94: =AH65/C91 -> #DIV/0!
B95: Budget mensuel prévis | C95: 10500
B96: Delta vs budget | C96: =C90-C95 -> -10500
B98: Résultat cumulé | C98: ='Aout 2016'!C112+C93 -> 3298.87
B99: Reste dû par Ytai | C99: ='Aout 2016'!C113 -> 1320
B100: Delta location | C100: =(H100-H101) -> 120 | E100: Location non perçue | H100: ='Juillet 2016'!AI85 -> 120
B101: Caisse | C101: ='Aout 2016'!C115 -> 2220 | E101: Location materiel par l'agence | H101: =SUM(AH32:AH34) -> 0
B102: Total restant dû | C102: =SUM(C99:C101) -> 3660 | E102: Delta location | H102: =(H100-H101) -> 120
B103: Delta | C103: =C98-(C99+C101+C100) -> -361.13

Sheet Coût sortie bateau
C3: Coût fixe unitaire d'une sortie bâteau
C5: Essence bateau | E5: 75 | G5: 9 | H5: =E12/G5 -> 19.518519
C6: Pôt de vin | E6: 25
C7: Salaire Capt+Marin | E7: 33
C8: Nourriture | E8: 15
C9: Tank | E9: 1
C10: Loc matériel | E10: 0
C11: Diver master | E11: =800/30 -> 26.666667
D12: S/Total | E12: =SUM(E5:E11) -> 175.66667
C14: Prix suivant le nombre d'élève
B15: Nbre élève | C15: 1 | D15: 2 | E15: 3 | F15: 4 | G15: 5 | H15: 6 | I15: 7 | J15: 8 | K15: 9 | L15: 10 | M15: 11
B16: Coût par élève | C16: =$E12/C15 -> 175.66667 | D16: =$E12/D15 -> 87.833333 | E16: =$E12/E15 -> 58.555556 | F16: =$E12/F15 -> 43.916667 | G16: =$E12/G15 -> 35.133333 | H16: =$E12/H15 -> 29.277778 | I16: =$E12/I15 -> 25.095238 | J16: =$E12/J15 -> 21.958333 | ... M16: =$E12/M15 -> 15.969697
B19: transport | C19: =7*C15 -> 7 | D19: =7*D15 -> 14 | E19: =7*E15 -> 21 | F19: =7*F15 -> 28 | G19: =7*G15 -> 35 | H19: =7*H15 -> 42 | I19: =7*I15 -> 49 | J19: =7*J15 -> 56 | ... M19: =7*M15 -> 77
B20: Coût par élève | C20: =($E12+$C19)/C15 -> 182.66667 | D20: =($E12+$C19)/D15 -> 91.333333 | E20: =($E12+$C19)/E15 -> 60.888889 | F20: =($E12+$C19)/F15 -> 45.666667 | G20: =($E12+$C19)/G15 -> 36.533333 | H20: =($E12+$C19)/H15 -> 30.444444 | I20: =($E12+$C19)/I15 -> 26.095238 | J20: =($E12+$C19)/J15 -> 22.833333 | ... M20: =($E12+$C19)/M15 -> 16.606061
